 Dungeon Crawl Stone Soup version 0.31-a0-925-g0a390f2509 (webtiles) character file.

Game seed: 3467901937976499027

2146617 MackTheKnife the Slayer (level 26, 272/272 HPs)
             Began as a Green Draconian Necromancer on Oct 17, 2023.
             Was the Champion of Kikubaaqudgha.
             Escaped with the Orb
             ... and 4 runes on Oct 18, 2023!
             The game lasted 03:59:38 (79429 turns).

MackTheKnife the Slayer (DrNe)                     Turns: 79429, Time: 03:59:38

Health: 272/272    AC: 19    Str: 17      XL:     26   Next: 64%
Magic:  35/35      EV: 27    Int: 26      God:    Kikubaaqudgha [******]
Gold:   2673       SH: 17    Dex: 22 (23) Spells: 8/49 levels left

rFire   + + .        a - +9 demon blade (pain) {long}
rCold   + + .        g - +2 kite shield {AC+3}
rNeg    . . .        (body armour unavailable)
rPois   +            z - +0 hat {Will+}
rElec   +            R - scarf {rC+ rF+}
rCorr   +            U - +0 pair of gloves of the Constellations {Str+2 Int+3 Slay+3}
SInv    .            E - +2 pair of boots
Will    ++...        d - amulet of Vitality {RegenMP++ Regen++}
Stlth   +            c - ring of Guimpe {Str+3 Int+6}
HPRegen 2.25/turn    e - ring "Jytog" {rElec rPois rF+ rCorr Stlth-}
MPRegen 1.04/turn

%: no passive effects
@: maw-form
A: devouring maw, breathe noxious fumes, AC +12, unfitting armour, stinger 2,
poison resistance, cold-blooded, talons 1, agile 1, cold resistance 1,
deterioration 1, low MP 1, robust 1, screaming 2
0: Orb of Zot
}: 4/15 runes: serpentine, barnacled, slimy, silver
a: Breathe Noxious Fumes, Begin Untransformation, Renounce Religion, Unearth
Wretches, Torment


You escaped.
You worshipped Kikubaaqudgha.
Kikubaaqudgha was exalted by your worship.
You were a creature with a mouth for a stomach.
You visited 12 branches of the dungeon, and saw 56 of its levels.
You visited the Abyss 1 time.
You also visited: Sewer and Bailey.

You collected 8247 gold pieces.
You spent 5574 gold pieces at shops.


Innate Abilities, Weirdness & Mutations

You are a creature with a mouth for a stomach.
Your midsection houses a second, enormous mouth.
You can breathe blasts of noxious fumes.
Your lurid green scales are hard. (AC +12)
You cannot fit into any form of body armour.
Your tail ends in a sharp venomous barb.
Your system is resistant to poisons. (rPois)
You are cold-blooded and may be slowed by cold attacks.
You have sharp toenails.
You are agile. (Dex +4, Str/Int -1)
Your flesh is cold resistant. (rC+)
Your body sometimes deteriorates upon taking damage.
Your magical capacity is low. (-10% MP)
You are robust. (+10% HP)
You frequently scream uncontrollably at your foes.


   Skills:
 + Level 22.7 Fighting
 - Level 1.3(9.1) Short Blades
 - Level 13.9(14.0) Long Blades
 - Level 12.0 Polearms
 - Level 19.4 Dodging
 - Level 2.0 Stealth
 - Level 15.0 Shields
 - Level 12.0 Spellcasting
 - Level 16.0 Summonings
 - Level 20.0 Necromancy
 - Level 15.0 Translocations
 - Level 4.0 Transmutations
 - Level 6.0 Air Magic
 - Level 7.0 Earth Magic
 - Level 8.0 Evocations
 - Level 10.0 Shapeshifting


You had 8 spell levels left.
You knew the following spells:

 Your Spells              Type           Power      Damage    Failure   Level
b - Blink                 Tloc           100%       N/A       1%          2
c - Animate Dead          Necr           88%        N/A       0%          4
d - Death Channel         Necr           44%        N/A       1%          6
e - Wereblood             Tmut           36%        N/A       1%          2
f - Dispel Undead         Necr           88%        3d28      0%          4
g - Passage of Golubria   Tloc           76%        N/A       1%          4
h - Haunt                 Necr/Summ      41%        N/A       3%          7
i - Malign Gateway        Summ/Tloc      38%        N/A       9%          7
j - Borgnjor's Vile Clut  Necr/Erth      36%        N/A       1%          5

Your spell library contained the following spells:

 Spells                   Type           Power      Damage    Failure   Level
 Apportation              Tloc           100%       N/A       0%          1
 Necrotise                Necr           100%       1d9       0%          1
 Sublimation of Blood     Necr           88%        N/A       0%          2
 Vampiric Draining        Necr           88%        2d12      0%          3
 Sandblast                Erth           100%       2d20      1%          1
 Shock                    Conj/Air       100%       1d9       1%          1
 Cigotuvi's Dreadful Rot  Necr/Pois/Air  100%       N/A       1%          2
 Lesser Beckoning         Tloc           100%       N/A       1%          2
 Momentum Strike          Conj/Tloc      100%       3d10      1%          2
 Passwall                 Tmut/Erth      36%        N/A       1%          2
 Call Canine Familiar     Summ           78%        N/A       1%          3
 Swiftness                Air            46%        N/A       1%          3
 Volatile Blastmotes      Fire/Tloc      100%       2d18      1%          3
 Anguish                  Hex/Necr       30%        N/A       1%          4
 Manifold Assault         Tloc           76%        N/A       1%          4
 Summon Lightning Spire   Summ/Air       64%        N/A       1%          4
 Vhi's Electric Charge    Tloc/Air       100%       N/A       1%          4
 Agony                    Necr           88%        N/A       1%          5
 Summon Forest            Summ/Tloc      38%        N/A       1%          5
 Dispersal                Tloc           38%        N/A       1%          6
 Summon Cactus Giant      Summ           39%        N/A       1%          6
 Sting                    Tmut/Pois      100%       1d8       2%          1
 Poisonous Vapours        Pois/Air       62%        N/A       2%          2
 Static Discharge         Conj/Air       62%        2-5/arc   2%          2
 Dimensional Bullseye     Hex/Tloc       26%        N/A       2%          4
 Iskenderun's Mystic Bla  Conj/Tloc      53%        2d11      2%          4
 Summon Ice Beast         Ice/Summ       55%        N/A       2%          4
 Stone Arrow              Conj/Erth      66%        3d11      4%          3
 Airstrike                Air            23%        2d(4-20)  5%          4
 Foxfire                  Conj/Fire      60%        2x1d7     6%          1
 Freeze                   Ice            60%        1d7       6%          1
 Slow                     Hex            60%        N/A       6%          1
 Summon Hydra             Summ           39%        N/A       8%          7
 Mephitic Cloud           Conj/Pois/Air  26%        N/A       9%          3
 Ensorcelled Hibernation  Hex/Ice        30%        N/A       10%         2
 Jinxbite                 Hex            30%        N/A       10%         2
 Scorch                   Fire           30%        2d6       10%         2
 Ignite Poison            Fire/Tmut/Pois 22%        N/A       11%         3
 Borgnjor's Revivificati  Necr           44%        N/A       11%         8
 Brom's Barrelling Bould  Conj/Erth      33%        2d5       14%         4
 Leda's Liquefaction      Hex/Erth       16%        N/A       14%         4
 Simulacrum               Ice/Necr       30%        N/A       16%         6
 Confusing Touch          Hex            15%        N/A       19%         3
 Dazzling Flash           Conj/Hex       30%        N/A       19%         3
 Hailstorm                Conj/Ice       15%        3d5       19%         3
 Inner Flame              Hex/Fire       15%        N/A       19%         3
 Ozocubu's Armour         Ice            15%        N/A       19%         3
 Sigil of Binding         Hex            15%        N/A       19%         3
 Tukima's Dance           Hex            15%        N/A       19%         3
 Arcjolt                  Conj/Air       15%        1d25      45%         5
 Silence                  Hex/Air        15%        N/A       45%         5
 Summon Horrible Things   Summ           39%        N/A       50%         8
 Cause Fear               Hex            7%         N/A       52%         4
 Flame Wave               Conj/Fire      15%        2d7       52%         4
 Fulminant Prism          Conj/Hex       7%         3d7       52%         4
 Sticky Flame             Conj/Fire      15%        2d4       52%         4
 Alistair's Intoxication  Tmut/Pois      17%        N/A       58%         5
 Freezing Cloud           Conj/Ice/Air   13%        6-21      58%         5
 Irradiate                Conj/Tmut      13%        3d16      58%         5
 Yara's Violent Unravell  Hex/Tmut       13%        3d7       58%         5
 Disjunction              Tloc           38%        N/A       65%         8
 Fireball                 Conj/Fire      7%         3d5       86%         5
 Iskenderun's Battlesphe  Conj           15%        2d7       86%         5
 Metabolic Englaciation   Hex/Ice        7%         N/A       86%         5
 Spellforged Servitor     Conj/Summ      27%        N/A       89%         7
 Conjure Ball Lightning   Conj/Air       15%        3x3d6     95%         6
 Plasma Beam              Fire/Air       15%        2x1d27    95%         6
 Eringya's Noxious Bog    Tmut/Pois      13%        4d6       99%         6
 Starburst                Conj/Fire      7%         6d4       100%        6
 Enfeeble                 Hex            7%         N/A       100%        7
 Orb of Destruction       Conj           7%         9d6       100%        7
 Ozocubu's Refrigeration  Ice            7%         4d9       100%        7
 Discord                  Hex            7%         N/A       100%        8
 Ignition                 Fire           7%         3d5       100%        8
 Lehudib's Crystal Spear  Conj/Erth      16%        10d5      100%        8
 Death's Door             Necr           44%        N/A       86%         9
 Dragon's Call            Summ           39%        N/A       100%        9
 Polar Vortex             Ice            7%         12d1*     100%        9

Inventory:

Hand Weapons
 a - a +9 demon blade of pain (weapon) {long}
   (You took it off Mara on level 3 of the Snake Pit)
Armour
 g - a +2 kite shield of protection (worn)
   (You took it off a naga warrior on level 4 of the Snake Pit)
 z - a +0 hat of willpower (worn)
   (You found it on level 5 of the Vaults)
 E - a +2 pair of boots (worn)
   (You found it on level 3 of the Elven Halls)
 I - the scarf of Quliemoh {rC+ rF+, +Blink rPois rCorr Int-3}
   (You found it on level 5 of the Pits of Slime)

   Int-3:     It affects your intelligence (-3).
   rPois:     It protects you from poison +Blink: It lets you blink.
   rCorr:     It protects you from acid and corrosion.
 M - the +1 cloak of a wizard's laboratory {*Slow rPois rN+ Int+2}
   (You found it on level 7 of the Dungeon)

   Int+2:     It affects your intelligence (+2).
   rPois:     It protects you from poison rN+: It protects you from negative
   energy.
   *Slow:     It may slow you when you take damage.
 R - a scarf of resistance (worn)
   (You found it on level 2 of the Lair of Beasts)
 U - the +0 pair of gloves of the Constellations (worn) {Str+2 Int+3 Slay+3}
   (You found it on level 2 of the Depths)

   Str+2:     It affects your strength (+2).
   Int+3:     It affects your intelligence (+3).
   Slay+3:    It affects your accuracy & damage with ranged weapons and melee
   (+3).
Jewellery
 c - the ring of Guimpe (left hand) {Str+3 Int+6}
   (You found it on level 12 of the Dungeon)

   [ring of intelligence]

   Str+3:     It affects your strength (+3).
   Int+6:     It affects your intelligence (+6).
 d - the amulet of Vitality (around neck) {RegenMP++ Regen++}
   (You took it off Khufu on level 2 of the Crypt)

   [amulet of magic regeneration]

   RegenMP:   It increases your rate of magic regeneration.
   Regen++:   It increases your rate of health regeneration.
 e - the ring "Jytog" (right hand) {rElec rPois rF+ rCorr Stlth-}
   (You acquired it on level 11 of the Dungeon)

   [ring of protection from fire]

   rF+:       It protects you from fire.
   rElec:     It insulates you from electricity.
   rPois:     It protects you from poison rCorr: It protects you from acid and
   corrosion.
   Stlth-:    It makes you less stealthy.
 p - a ring of protection from fire
   (You found it on level 2 of the Vaults)
 x - the amulet "Ezirroes" {Reflect +Inv rElec Regen+ SH+5}
   (You bought it in a shop on level 1 of the Elven Halls)

   [amulet of reflection]

   Reflect:   It reflects blocked missile attacks.
   rElec:     It insulates you from electricity.
   +Inv:      It lets you turn invisible.
   Regen+:    It increases your rate of health regeneration.
   SH+5:      It affects your SH (+5).
 A - a ring of see invisible
   (You found it on level 7 of the Dungeon)
 G - a +6 ring of dexterity
   (You found it on level 8 of the Dungeon)
 O - a ring of willpower
   (You found it on level 13 of the Dungeon)
 Y - the amulet of Efetunt {Reflect rPois rF+ rCorr SH+5}
   (You found it on level 3 of the Elven Halls)

   [amulet of reflection]

   Reflect:   It reflects blocked missile attacks.
   rF+:       It protects you from fire.
   rPois:     It protects you from poison rCorr: It protects you from acid and
   corrosion.
   SH+5:      It affects your SH (+5).
Talismans
 H - a maw talisman (active)
   (You found it on level 2 of the Snake Pit)
Wands
 r - a wand of flame (45)
   (You found it on level 2 of the Snake Pit)
 D - a wand of charming (43)
   (You took it off Jeremiah on level 6 of the Dungeon)
 F - a wand of digging (9)
   (You found it on level 3 of the Elven Halls)
 K - a wand of mindburst (55)
   (You found it on level 10 of the Dungeon)
 N - a wand of polymorph (6)
   (You found it on level 1 of the Crypt)
 W - a wand of iceblast (34)
   (You found it on level 3 of the Snake Pit)
 X - a wand of acid (16)
   (You found it on level 3 of the Elven Halls)
Scrolls
 b - 7 scrolls of amnesia
 f - 4 scrolls of teleportation {@r4}
 k - a scroll of revelation
 m - 3 scrolls of fog
 o - 7 scrolls of fear
 w - 2 scrolls of blinking {!r}
 y - 5 scrolls of vulnerability {!r!r}
 J - a scroll of torment {!r}
 L - 4 scrolls of immolation {!r!r}
 T - 9 scrolls of poison
Potions
 h - 9 potions of enlightenment
 i - 2 potions of heal wounds {@q2}
 j - 4 potions of mutation {!q}
 l - 2 potions of might
 n - 2 potions of cancellation
 s - 3 potions of resistance
 t - 11 potions of curing {@q1}
 Q - a potion of invisibility
 S - 5 potions of brilliance
 V - 4 potions of magic
 Z - a potion of berserk rage {!q}
Miscellaneous
 u - a lightning rod (4/4)
   (You found it on level 5 of the Vaults)
 v - a box of beasts
   (You found it on level 3 of the Shoals)
 B - a phantom mirror
   (You found it on level 1 of the Snake Pit)
 C - a phial of floods
   (You found it on level 4 of the Shoals)
 P - a condenser vane
   (You found it on level 13 of the Dungeon)

Dungeon Overview and Level Annotations

Branches:
Dungeon (15/15)            Temple (1/1) D:7            Lair (5/5) D:11
 Shoals (4/4) Lair:2        Snake (4/4) Lair:2        Slime (5/5) Lair:4
    Orc (2/2) D:12            Elf (3/3) Orc:2        Vaults (5/5) D:13
  Crypt (3/3) Vaults:2       Tomb (0/3) Crypt:3      Depths (4/4) D:15
    Zot (5/5) Depths:4      Sewer (visited)          Bailey (visited)

Altars:
Ashenzari
Cheibriados
Dithmenos
Elyvilon
Fedhas
Gozag
Hepliaklqana
Kikubaaqudgha
Makhleb
Nemelex Xobeh
Okawaru
Qazlal
Ru
Sif Muna
Trog
Uskayaw
Vehumet
Wu Jian
Xom
Yredelemnul
Zin
The Shining One
Jiyva
Lugonu

Shops:
D:14 [   Orc:2 **?:   Elf:1 :=:   Shoals:3 [   Snake:2 *((   Snake:3 =
Vaults:4 **

Portals:
Hell: Depths:1 Depths:2 Depths:3 Depths:4
Abyss: Lair:1 Lair:5 Depths:1 Depths:3 Depths:4
Pandemonium: Depths:2 Depths:3
Ziggurat: Depths:1
Trove: Elf:2 (give 17 potions of curing)

Annotations:
D:4 exclusions: black bear and 3 doors
D:6 exclusions: acid dragon and ice beast
D:11 1 runed translucent door, Pi314's ghost, journeyman DrAr
D:12 exclusion: orange crystal statue
D:15 3 runed translucent doors, Guofuxagu's ghost, journeyman TrCA
Lair:1 2 transporters, Biusch's ghost, journeyman DjCj
Elf:2 3 runed translucent doors
Vaults:2 exclusion: downstairs
Depths:2 exclusion: orange crystal statue
Zot:5 exclusion: 2 upstairs

#....##########.....
##....##..........%..
######..#'###.####........
#......##.....# ##........
#.#######.#######'........
##.### #.# ###.#...#####
##..####'####..##...#
###..'...'..####...#
####.W.#### #...#
###..'...'..#####.##
##..####'####..###.#
##.### #.# ###.##.# #.##
#.#######.#.# ###
#...........#
#############


There were no monsters in sight!


Message History

Your freezing wraith hits the Ice Fiend but does no damage. 😎 MP[+1]
Your phantasmal warrior gestures at the Ice Fiend.
Your phantasmal warrior blinks!
The Ice Fiend claws your wraith! The Ice Fiend freezes your wraith!!
Your wraith resists.
Your wraith is destroyed!
Your wraith disappears in a puff of smoke! 😎 MP[+1]
Your wraith hits the Ice Fiend but does no damage. x2
The Ice Fiend completely misses you.
You block the Ice Fiend's attack. 😎 MP[+1]
You slice the Ice Fiend!! You bite the Ice Fiend. 😎 MP[+1]
You hit the Ice Fiend. You bite the Ice Fiend. The Ice Fiend misses you.
You block the Ice Fiend's attack.
Your wraith hits the Ice Fiend.
Your wraith closely misses the Ice Fiend.
Your wraith hits the Ice Fiend but does no damage.
Your freezing wraith barely misses the Ice Fiend. x2
You hit the Ice Fiend.
Your tail-slap misses the Ice Fiend.
Your bite misses the Ice Fiend.
Your phantasmal warrior hits the Ice Fiend!!
Your wraith barely misses the Ice Fiend.
Your wraith hits the Ice Fiend but does no damage.
Your freezing wraith hits the Ice Fiend!
Your freezing wraith freezes the Ice Fiend.
The Ice Fiend completely resists.
Your freezing wraith hits the Ice Fiend but does no damage.
Your wraith hits the Ice Fiend.
The Ice Fiend claws your freezing wraith!
The Ice Fiend freezes your freezing wraith.
Your freezing wraith completely resists.
The Ice Fiend claws your freezing wraith.
The Ice Fiend freezes your freezing wraith.
Your freezing wraith completely resists. 😎 MP[+1]
You catch the helpless Ice Fiend completely off-guard!
You slice the Ice Fiend!! 😎 MP[+1]
Your mp is fully restored (35).
You slice the Ice Fiend!!
You kill the Ice Fiend!
Kikubaaqudgha accepts your kill.
You feel your intelligence returning.
No reachable target in view!
You swap places.
Your wraith disappears in a puff of smoke!
There is an open door here.
You swap places.
Your wraith disappears in a puff of smoke!
Your phantasmal warrior disappears in a puff of smoke!
Your freezing wraith disappears in a puff of smoke!
Your wraith disappears in a puff of smoke!
Casting: Haunt (mildly dangerous; 3% risk of failure)
Confirm with . or Enter, or press ? or * to list all spells.
The dungeon shakes, a horrible noise fills the air, and a portal to some otherworldly place is opened! 😎 MP[-6]
You lost 6 mp, and now have 29/35 mp. 😎 MP[+1] 😎 MP[+1] 😎 MP[+1]
You open the gate. 😎 MP[+1]
You block Vorhees's ghost's attack. 😎 MP[+1] 😎 MP[+1]
Your mp is fully restored (35).
Unknown command.
Unknown command.
Your eldritch tentacle barely misses Vorhees's ghost.
Your eldritch tentacle claws Vorhees's ghost.
Your eldritch tentacle freezes Vorhees's ghost!!!
Vorhees's ghost is destroyed!
Kikubaaqudgha accepts your kill.
There is a stone staircase leading up here.
You climb upwards.
Level annotation: exclusions: black bear and 3 doors
There is a stone staircase leading down here.
What level of the Dungeon? (default 1, ? - help)
There is a stone staircase leading up here.
You climb upwards.
There is a stone staircase leading down here.
You see here a +0 club {mace}.
There is a stone staircase leading up here.
You climb upwards.
There is a stone staircase leading down here.
You see here 4 stones {throwing}.
There is a stone staircase leading up here.
You climb upwards.
There is a stone staircase leading down here.
There is an open door here.
There is an open door here.
Things that are here:
3 stones {throwing}; a +0 dagger {short}
There is a stone staircase leading down here.
There is an open door here.
There is an open door here.
There is an open door here.
There is a staircase leading out of the dungeon here.
You have escaped!

Skill      XL: |  1  2  3  4  5  6  7  8  9 10 11 12 13 14 15 16 17 18 19 20 21 22 23 24 25 26 |
---------------+-------------------------------------------------------------------------------+-----
Fighting       | 1 2 3 4 6 7 8 12 13 15 18 20 21 22 | 22.7
Necromancy     | 5 7 8 10 12 14 17 18 19 20 | 20.0
Short Blades   | 1 |  1.3
Polearms       | 1 2 4 6 8 10 12 | 12.0
Dodging        | 3 4 7 8 10 12 13 14 15 16 18 19 | 19.4
Stealth        | 2 |  2.0
Spellcasting   | 4 7 9 10 11 12 | 12.0
Evocations     | 4 8 |  8.0
Shields        | 3 7 8 11 15 | 15.0
Transmutations | 4 |  4.0
Summonings     | 2 9 12 15 16 | 16.0
Shapeshifting  | 7 10 | 10.0
Long Blades    | 9 13 | 13.9
Earth Magic    | 7 |  7.0
Translocations | 6 13 15 | 15.0
Air Magic      | 6 |  6.0

Action                     |  1- 3 |  4- 6 |  7- 9 | 10-12 | 13-15 | 16-18 | 19-21 | 22-24 | 25-27 || total
---------------------------+-------+-------+-------+-------+-------+-------+-------+-------+-------++-------
  Melee: Whip              |     9 |       |       |       |       |       |       |       |       ||     9
         Dagger            |    19 |    10 |       |       |       |       |       |       |       ||    29
         Tailslap          |     5 |    13 |    36 |    71 |   214 |   252 |   279 |   382 |   243 ||  1495
         Punch             |     1 |     4 |     6 |     4 |    11 |       |       |       |       ||    26
         Spear             |       |   127 |   305 |   291 |  1208 |  1219 |       |       |       ||  3150
         Glaive            |       |       |    26 |    66 |       |       |       |       |       ||    92
         Trident           |       |       |     3 |       |   178 |       |       |       |       ||   181
         Kick              |       |       |       |       |       |   127 |       |       |       ||   127
         Maw               |       |       |       |       |       |   333 |   521 |   649 |   415 ||  1918
         Demon blade       |       |       |       |       |       |   255 |  1266 |  1521 |   840 ||  3882
  Throw: Dart              |       |    36 |    16 |    10 |     2 |       |       |       |       ||    64
         Throwing net      |       |     2 |       |       |       |       |       |       |       ||     2
   Cast: Necrotise         |    68 |    80 |       |     1 |       |       |       |       |       ||   149
         Vampiric Draining |       |     6 |     6 |    23 |    30 |     2 |       |       |       ||    67
         Animate Dead      |       |       |       |       |    27 |    28 |    32 |    29 |    10 ||   126
         Death Channel     |       |       |       |       |    34 |    56 |    42 |    49 |    11 ||   192
         Anguish           |       |       |       |       |       |    22 |       |       |       ||    22
         Wereblood         |       |       |       |       |       |     9 |    14 |    17 |     2 ||    42
         Call Canine Famil |       |       |       |       |       |     1 |     1 |       |       ||     2
         Dispel Undead     |       |       |       |       |       |     3 |    10 |    16 |    57 ||    86
         Borgnjor's Vile C |       |       |       |       |       |       |    17 |    51 |     7 ||    75
         Haunt             |       |       |       |       |       |       |       |     6 |    62 ||    68
         Malign Gateway    |       |       |       |       |       |       |       |       |    18 ||    18
 Invoke: Unearth Wretches  |       |       |       |       |    13 |    17 |    17 |    25 |     6 ||    78
         Brand Weapon With |       |       |       |       |       |       |     1 |       |       ||     1
         Torment           |       |       |       |       |       |       |       |     1 |       ||     1
Ability: Breathe Noxious F |       |       |    35 |    42 |    79 |    34 |    26 |     5 |       ||   221
  Evoke: Wand              |       |       |       |    10 |    13 |     8 |     7 |     2 |     3 ||    43
         Condenser vane    |       |       |       |       |     1 |     4 |     5 |     4 |       ||    14
         Phantom mirror    |       |       |       |       |       |       |       |     4 |       ||     4
         Box of beasts     |       |       |       |       |       |       |       |     3 |       ||     3
    Use: Scroll            |     1 |     4 |     1 |     7 |    10 |    24 |    12 |    25 |    13 ||    97
         Potion            |       |       |       |     5 |     3 |     9 |     3 |    20 |    19 ||    59
   Stab: Sleeping          |     1 |     2 |     2 |     3 |     2 |     4 |     5 |     7 |     3 ||    29
         Confused          |       |       |    27 |    42 |   100 |    47 |    17 |     1 |       ||   234
         Distracted        |       |       |       |       |    22 |    35 |    21 |    32 |     8 ||   118
         Paralysed         |       |       |       |       |     4 |       |     4 |     4 |     1 ||    13
         Invisible         |       |       |       |       |       |       |       |     5 |     1 ||     6
 Armour: Skin              |    32 |    48 |   106 |   138 |   322 |   374 |   442 |   648 |   246 ||  2356
  Dodge: Dodged            |    22 |    52 |   140 |   238 |   567 |   540 |   537 |   955 |   376 ||  3427
  Block: Buckler           |       |       |       |       |   263 |   323 |   217 |       |       ||   803
         Reflection        |       |       |       |       |    35 |    52 |    69 |   166 |     6 ||   328
         Kite shield       |       |       |       |       |       |       |   596 |  1563 |   690 ||  2849
   Form: Maw               |       |       |       |       |       |     1 |       |       |       ||     1

Levels and vault maps discovered:
D:1:      dpeg_arrival_radiant, layout_basic, st_stairs_12
D:2:      layout_rooms
D:3:      layout_rooms, old_standard_altar, st_stairs_3, columned_hall_lemuel,
          kennysheep_generic_room_10
D:4:      layout_loops_corners
D:5:      layout_basic, mainiacjoe_overflow_six_doors_small,
          overflow_temple_1_default, portal_sewer_entry_d, serial_glass,
          glass_columns_c, glass_columns_a, glass_columns_a, glass_columns_a,
          ebering_ghost_rock_garden, lightli_corner_chamber
D:6:      layout_basic, kennysheep_little_box, serial_shops,
          nicolae_shop_rolled_up, uniq_jeremiah
D:7:      layout_basic, zin_treasury, minmay_temple_entry_wispy, uniq_maggie
D:8:      layout_basic, nicolae_tso_besieged_by_evil, uniq_gastronok
D:9:      layout_roguey, enter_bailey_4, grunt_ministairs_15, uniq_maurice
D:10:     layout_basic, jmf_multi_god_temple, uniq_joseph, uniq_josephine
D:11:     minmay_smoke_and_mirrors, layout_basic, dpeg_lair_monsters,
          ebering_ghost_reflecting_pool
D:12:     layout_cave_pods, orc_0_dummy, gammafunk_ghost_fury_of_okawaru,
          minmay_statue_bubble
D:13:     cross_vault, layout_rooms, hangedman_vaults_entry_quadrant_bands,
          grunt_ministairs_7, uniq_snorg
D:14:     layout_roguey, lemuel_coloured_pillars_altar, serial_shops,
          nicolae_shop_tiny_waterfront, uniq_frances
D:15:     grunt_enter_depths_giant_problem, layout_basic,
          maelrawn_ghost_gauntlet_escape, reono_crystal_passage, led_sif_pool
Temple:   nicolae_temple_two_arcs
Lair:1:   layout_roguey, gammafunk_ghost_abyssal_escape,
          infiniplex_staircase_pool, lemuel_fruit_tree, uniq_sonja
Lair:2:   layout_small_grid, nicolae_shoals_entry_roost,
          nicolae_snake_entry_squirm, grunt_megastairs_2
Lair:3:   layout_layer_cave
Lair:4:   layout_small_grid, slime_entry_1, grunt_forest_large_clearings
Lair:5:   hellmonk_lair_end_abyssal_woods, layout_hall_layers,
          infiniplex_staircase_pool_2, grunt_megastairs_1
Shoals:1: layout_shoals, st_sunken_huts, uniq_donald
Shoals:2: layout_shoals, gammafunk_ghost_grave, nicolae_shoals_square_sea_wall,
          nicolae_shoals_kraken_intersection, uniq_mlioglotl
Shoals:3: layout_shoals, serial_shops, shop
Shoals:4: shoals_end_hellmonk_lost_city
Snake:1:  layout_rooms, ebering_ghost_inner_flame, serial_bayou_shore_b,
          grunt_megastairs_5, uniq_louise, uniq_nikola
Snake:2:  layout_onion, serial_bayou_shore_b, minmay_shop_star
Snake:3:  layout_cave_town, serial_shops, nicolae_shop_crystal, uniq_mara
Snake:4:  grunt_snake_rune_spirals, layout_onion, serial_bayou_shore_b
Slime:1:  layout_caves, cheibrodos_slime_lost_civilization_4
Slime:2:  layout_caves, cheibrodos_slime_lost_civilization_6
Slime:3:  layout_caves
Slime:4:  layout_caves
Slime:5:  slime_pit_nicolae_jellycorners
Orc:1:    layout_caves, statue_in_the_mist_lemuel
Orc:2:    grunt_orc_tribal_feast, layout_caves, basic_altar, uniq_urug
Elf:1:    eino_elf_arrival_altar, layout_geoelf_grid, hangedman_elf_represent,
          minmay_shop_grove, uniq_agnes
Elf:2:    elven_hall_of_blades_hangedman_original
          [nicolae_blade_entry_sentries_behind_glass], layout_geoelf_octagon,
          basic_altar, nicolae_trove_entry_isolated
Elf:3:    minmay_elf_hall_dome, layout_geoelf_octagon, grunt_megastairs_3
Vaults:1: hangedman_vaults_stretched_pinwheel,
          nicolae_vaults_storage_room_doors, vaults_room_grid,
          nicolae_vaults_six-pack, v_misc_19, v_misc_16, v_misc_24,
          nicolae_vaults_tetromino_L_1, nicolae_vaults_diamond_1,
          vaults_dpeg_ring, nicolae_vaults_variable_pillar_hall,
          layout_vaults_chaotic_city
Vaults:2: gammafunk_ghost_split, nicolae_vaults_little_squares_1,
          vaults_mumra_chevron_long, nicolae_vaults_rhombus_7,
          minmay_crypt_entry_simple_box, nicolae_vaults_sealed_display,
          nicolae_vaults_alarming, ontoclasm_vaults_pinch,
          nicolae_vaults_more_shelving_2, ontoclasm_vaults_claustrophobia,
          v_pattern_3, v_misc_2, nicolae_vaults_little_squares_1, v_misc_3,
          nicolae_vaults_security_offices_5, nicolae_vaults_shelves_hall,
          layout_vaults_omnibox, uniq_sojobo
Vaults:3: v_rooms_4, vaults_dpeg_hooks, nicolae_vaults_trapezoid_2,
          nicolae_vaults_circle_grid_a, v_rooms_2, nicolae_vaults_asterisk,
          v_misc_30, vaults_room_door_hall, v_misc_23, v_pattern_5,
          nicolae_vaults_stairing_the_circle, grunt_vaults_hallway_short,
          v_alt_pattern_4, nicolae_vaults_variable_pillar_hall, v_misc_15,
          layout_vaults_omnicross, uniq_aizul, uniq_frederick, uniq_mennas,
          uniq_saint_roka
Vaults:4: ebering_ghost_gozag, vaults_room_grid, v_pattern_1, v_misc_22,
          layout_vaults_quadrants, uniq_zenata, uniq_xtahua
Vaults:5
Crypt:1:  layout_regular_city, uniq_boris
Crypt:2:  ragdoll_tomb_raider, layout_misc_corridors,
          roderic_lattice_octagonal_star
Crypt:3:  quadcrypt_mu
Depths:1: layout_roguey [special_room_mythical_zoo], enter_ziggurat_d, hex_tiny,
          hell_entry, abyss_entry_glasseish, trog_three_pillars_becter,
          nicolae_triple_integral, uniq_asterion
Depths:2: gammafunk_sealed_arena, layout_cave_pools, grunt_pan_entry_spiral,
          hangedman_coc_ice_floe, kennysheep_donut,
          infiniplex_staircase_zigzag_3, uniq_norris
Depths:3: minmay_the_grid_triangle_9x9_recursive_3_mashed
          [minmay_the_grid_triangle_9x9_swiss_cheese,
          minmay_the_grid_triangle_9x9_from_above,
          minmay_the_grid_triangle_9x9_stretched_checkered,
          minmay_the_grid_triangle_9x9_prize_schism,
          minmay_the_grid_triangle_9x9_sparse_checkered,
          minmay_the_grid_triangle_9x9_thin_v,
          minmay_the_grid_triangle_9x9_limited_checkers,
          minmay_the_grid_triangle_9x9_skeleton,
          minmay_the_grid_triangle_9x9_minimal], layout_gridlike,
          lemuel_doored_altar, hell_entry, abyss_entry_flame_altar,
          rand_demon_pan_entry_3, nicolae_kikubaaqudgha_miasma_corner
Depths:4: grunt_zot_entry_pinwheel, layout_gridville, corexii_leaking_fountain,
          abyss_entry, hangedman_geh_valley, nicolae_elyvilon_peaceful_grove,
          uniq_parghit
Zot:1:    nicolae_moth_party, layout_gridlike
Zot:2:    layout_concentric_octagons
Zot:3:    layout_cellular_growth, gammafunk_ghost_grave
Zot:4:    layout_cathedral_of_symmetry
Zot:5:    layout_basic, hangedman_zot_decor_unnerving_road

Notes
Turn   | Place    | Note
-------+----------+-------------------------------------------
     0 | D:1      | MackTheKnife the Draconian Necromancer began the quest for
                  | the Orb.
     0 | D:1      | Reached XP level 1. HP: 14/14 MP: 3/3
     0 | D:1      | magus.rc [v1.9.6]
   175 | D:1      | Reached XP level 2. HP: 20/20 MP: 1/5
   406 | D:1      | Reached skill level 1 in Fighting
  1105 | D:2      | Reached XP level 3. HP: 29/29 MP: 2/6
  1154 | D:2      | Learned a level 3 spell: Vampiric Draining
  1350 | D:2      | You pick up a book of Blasting and begin reading...
  1350 | D:2      | You add the spells Volatile Blastmotes, Fulminant Prism and
                  | Iskenderun's Mystic Blast to your library.
  1351 | D:2      | magus.rc [v1.9.6]
  1601 | D:3      | Reached skill level 5 in Necromancy
  1796 | D:3      | Reached XP level 4. HP: 36/36 MP: 7/7
  1962 | D:3      | Reached skill level 2 in Fighting
  2091 | D:3      | Reached skill level 1 in Short Blades
  2485 | D:3      | Found a blossoming altar of Fedhas.
  2718 | D:3      | Reached skill level 1 in Polearms
  2758 | D:4      | Noticed an ogre
  2802 | D:3      | Reached XP level 5. HP: 44/44 MP: 1/8
  2869 | D:4      | Reached skill level 3 in Fighting
  3004 | D:4      | Reached skill level 2 in Polearms
  3335 | D:4      | Noticed a black bear
  3406 | D:4      | Reached XP level 6. HP: 52/52 MP: 5/9
  3854 | D:4      | You pick up a book of Changes and begin reading...
  3854 | D:4      | You add the spells Wereblood and Irradiate to your library.
  4109 | D:4      | You pick up a book of Dreams and begin reading...
  4109 | D:4      | You add the spells Jinxbite, Ensorcelled Hibernation and
                  | Anguish to your library.
  4451 | D:4      | Reached skill level 4 in Fighting
  4451 | D:4      | Reached skill level 3 in Polearms
  4548 | D:5      | Entered Level 5 of the Dungeon
  4560 | D:5      | Found a burning altar of Makhleb.
  4600 | D:5      | Reached skill level 4 in Polearms
  4600 | D:5      | Reached skill level 2 in Dodging
  4734 | D:5      | Found a glowing drain.
  4752 | Sewer    | Entered a sewer
  5252 | Sewer    | Reached skill level 3 in Dodging
  5427 | Sewer    | Your scales start taking on a lurid green colour.
  5427 | Sewer    | Reached XP level 7. HP: 35/59 MP: 2/10
  5427 | Sewer    | Gained mutation: Your system is resistant to poisons.
                  | (rPois) [Green Draconian growth]
  5529 | Sewer    | You pick up a book of Debilitation and begin reading...
  5529 | Sewer    | You add the spells Slow, Sigil of Binding and Confusing
                  | Touch to your library.
  5643 | D:5      | You pick up a book of Geomancy and begin reading...
  5643 | D:5      | You add the spells Sandblast, Passwall, Stone Arrow and
                  | Brom's Barrelling Boulder to your library.
  5645 | D:5      | Noticed a two-headed ogre
  5646 | D:5      | Noticed a shadow
  5661 | D:5      | Found a runed translucent gate.
  5661 | D:5      | Found a runed translucent gate.
  5661 | D:5      | Found a runed translucent gate.
  5663 | D:5      | Noticed Vorhees's ghost (weakling MiDe)
  5753 | D:5      | Found an ornate altar of the Wu Jian Council.
  5770 | D:5      | Reached skill level 4 in Dodging
  5844 | D:5      | Reached skill level 6 in Necromancy
  6346 | D:5      | Learned a level 4 spell: Animate Dead
  6465 | D:6      | Noticed Jeremiah
  6519 | D:6      | Reached skill level 7 in Necromancy
  6519 | D:6      | Reached XP level 8. HP: 66/66 MP: 11/11
  6616 | D:6      | You pick up a book of Storms and begin reading...
  6616 | D:6      | You add the spells Static Discharge, Airstrike and Summon
                  | Lightning Spire to your library.
  6704 | D:6      | Reached skill level 8 in Necromancy
  6963 | D:6      | Reached skill level 5 in Fighting
  7050 | D:6      | Found a hide-covered altar of Uskayaw.
  7343 | D:6      | Reached skill level 5 in Polearms
  7633 | D:7      | Found a staircase to the Ecumenical Temple.
  7639 | Temple   | Entered the Ecumenical Temple
  7659 | Temple   | Became a worshipper of Kikubaaqudgha
  7807 | D:7      | You add the spells Blink and Manifold Assault to your
                  | library.
  7831 | D:7      | Identified the +1 cloak of a wizard's laboratory {*Slow
                  | rPois rN+ Int+2}
  7955 | D:7      | Noticed Maggie
  8041 | D:7      | Reached skill level 6 in Fighting
  8256 | D:7      | Reached skill level 6 in Polearms
  8256 | D:7      | Reached skill level 2 in Stealth
  8306 | D:6      | magus.rc [v1.9.6]
  8347 | D:7      | Reached XP level 9. HP: 75/75 MP: 12/12
  8521 | D:7      | Killed Maggie
  8522 | D:7      | Reached skill level 5 in Dodging
  8572 | D:7      | Found a glowing silver altar of Zin.
  8903 | D:6      | Killed Jeremiah
  8904 | D:6      | Reached skill level 6 in Dodging
  8904 | D:6      | Reached skill level 3 in Spellcasting
  8909 | D:6      | magus.rc [v1.9.6]
  8970 | D:8      | Found a glowing golden altar of the Shining One.
  8976 | D:8      | Noticed a two-headed ogre
  9118 | D:8      | Reached skill level 4 in Spellcasting
  9198 | D:8      | magus.rc [v1.9.6]
  9277 | D:8      | Reached * piety under Kikubaaqudgha
  9277 | D:8      | You add the spells Cigotuvi's Dreadful Rot and Sublimation
                  | of Blood to your library.
  9277 | D:8      | Received a gift from Kikubaaqudgha
  9386 | D:8      | Noticed a troll
  9436 | D:8      | Killed a troll
  9461 | D:8      | Noticed a gargoyle
  9606 | D:8      | Reached skill level 7 in Fighting
  9768 | D:8      | Reached skill level 7 in Dodging
  9768 | D:8      | Reached XP level 10. HP: 80/88 MP: 16/16
  9868 | D:8      | Killed a two-headed ogre
  9869 | D:8      | Reached skill level 8 in Fighting
 10043 | D:8      | Reached skill level 8 in Dodging
 10236 | D:7      | magus.rc [v1.9.6]
 10297 | D:8      | Noticed Gastronok
 10676 | D:8      | Killed Gastronok
 10677 | D:8      | Reached skill level 8 in Polearms
 10758 | D:9      | Noticed Maurice
 10767 | D:9      | Killed Maurice
 10889 | D:9      | Reached skill level 9 in Necromancy
 10898 | D:9      | You pick up a book of Changes and begin reading...
 10924 | D:9      | Found a flagged portal.
 10939 | Bailey   | Entered a bailey
 10940 | Bailey   | magus.rc [v1.9.6]
 11154 | Bailey   | Reached ** piety under Kikubaaqudgha
 11300 | Bailey   | Noticed an orc knight
 11300 | Bailey   | Noticed an orc knight
 11352 | Bailey   | Killed an orc knight
 11353 | Bailey   | Reached skill level 10 in Necromancy
 11353 | Bailey   | Reached XP level 11. HP: 94/94 MP: 17/17
 11445 | Bailey   | Killed an orc knight
 11517 | Bailey   | Reached skill level 12 in Fighting
 11517 | Bailey   | Reached XP level 12. HP: 113/113 MP: 18/18
 11733 | D:9      | Noticed a two-headed ogre
 11742 | D:9      | Reached skill level 13 in Fighting
 11769 | D:9      | Killed a two-headed ogre
 11818 | D:9      | You pick up a book of Ice and begin reading...
 11818 | D:9      | You add the spells Simulacrum, Ozocubu's Refrigeration and
                  | Polar Vortex to your library.
 12106 | D:9      | magus.rc [v1.9.6]
 12132 | D:10     | Entered Level 10 of the Dungeon
 12308 | D:10     | Reached skill level 1 in Evocations
 12313 | D:10     | Noticed Josephine
 12358 | D:10     | Reached skill level 2 in Evocations
 12365 | D:10     | Killed Josephine
 12366 | D:10     | Reached skill level 9 in Dodging
 12544 | D:10     | Noticed a two-headed ogre
 12556 | D:10     | Killed a two-headed ogre
 12557 | D:10     | Reached skill level 3 in Evocations
 12978 | D:10     | Found a sacrificial altar of Ru.
 13061 | D:10     | Found an opulent altar of Gozag.
 13111 | D:10     | Noticed Joseph
 13120 | D:10     | Killed Joseph
 13410 | D:11     | Found a runed translucent door.
 13432 | D:11     | Noticed Pi314's ghost (journeyman DrAr)
 13457 | D:11     | Reached skill level 4 in Evocations
 13459 | D:11     | Noticed a death yak
 13571 | D:11     | Reached skill level 10 in Dodging
 13593 | D:11     | Noticed a two-headed ogre
 13606 | D:11     | Killed a two-headed ogre
 13627 | D:11     | Killed a death yak
 13773 | D:11     | Reached skill level 9 in Polearms
 13788 | D:11     | Identified a scroll of acquirement
 13788 | D:11     | Acquired the ring "Jytog" {rElec rPois rF+ rCorr Stlth-}
 13895 | D:11     | Found a staircase to the Lair.
 14280 | D:11     | Reached *** piety under Kikubaaqudgha
 14280 | D:11     | You add the spells Dispel Undead and Death Channel to your
                  | library.
 14280 | D:11     | Received a gift from Kikubaaqudgha
 14281 | D:11     | Reached skill level 10 in Polearms
 14289 | D:11     | Learned a level 6 spell: Death Channel
 14306 | D:11     | Noticed a death yak
 14316 | D:11     | Noticed a death yak
 14344 | D:11     | Killed a death yak
 14357 | D:11     | Killed a death yak
 14358 | D:11     | Reached XP level 13. HP: 97/122 MP: 2/19
 14529 | Lair:1   | Entered Level 1 of the Lair of Beasts
 14607 | Lair:1   | Reached skill level 11 in Necromancy
 14860 | Lair:1   | Noticed Sonja
 14866 | Lair:1   | Killed Sonja
 14990 | Lair:1   | Found a transporter.
 14990 | Lair:1   | Noticed Biusch's ghost (journeyman DjCj)
 14991 | Lair:1   | Found a one-way gate to the infinite horrors of the Abyss.
 15010 | Lair:1   | Found a transporter.
 15139 | Lair:1   | Identified the "Opai" (You acquired it on level 1 of the
                  | Lair of Beasts)
 15139 | Lair:1   | Acquired 541 gold pieces
 15239 | Lair:1   | Identified the +4 ring mail of Privacy {rF- rC++ SInv}
 15782 | Lair:2   | Reached skill level 12 in Necromancy
 15983 | Lair:2   | Found a staircase to the Snake Pit.
 16328 | Lair:2   | Reached skill level 5 in Spellcasting
 16372 | Lair:2   | Reached skill level 6 in Spellcasting
 16739 | Lair:2   | Found a staircase to the Shoals.
 17286 | Lair:3   | You fall into a shaft and drop 2 floors!
 17286 | Lair:5   | Identified the "Fuaxiva"
 17286 | Lair:5   | Entered Level 5 of the Lair of Beasts
 17333 | Lair:5   | Reached skill level 7 in Spellcasting
 17383 | Lair:4   | Found a viscous altar of Jiyva.
 17385 | Lair:4   | Found a staircase to the Slime Pits.
 17454 | Lair:4   | Reached **** piety under Kikubaaqudgha
 17508 | Lair:4   | Reached skill level 11 in Polearms
 17609 | Lair:4   | Reached skill level 12 in Polearms
 17610 | Lair:4   | Reached skill level 1 in Shields
 17628 | Lair:4   | Reached skill level 2 in Shields
 17641 | Lair:4   | Reached skill level 3 in Shields
 17641 | Lair:4   | Gained mutation: Your tail ends in a venomous barb. [Green
                  | Draconian growth]
 17641 | Lair:4   | Reached XP level 14. HP: 111/129 MP: 6/24
 17647 | Lair:4   | Reached ***** piety under Kikubaaqudgha
 17651 | Lair:4   | Reached skill level 4 in Shields
 17911 | Lair:4   | You pick up a book of the Spheres and begin reading...
 17911 | Lair:4   | You add the spells Iskenderun's Battlesphere, Fireball,
                  | Conjure Ball Lightning and Orb of Destruction to your
                  | library.
 18023 | Lair:4   | Reached skill level 5 in Shields
 18676 | Lair:3   | Reached skill level 6 in Shields
 19579 | Lair:5   | You pick up a book of Air and begin reading...
 19579 | Lair:5   | You add the spells Shock and Swiftness to your library.
 19625 | Lair:5   | Reached skill level 7 in Shields
 19646 | Lair:5   | Learned a level 2 spell: Wereblood
 19806 | Lair:5   | Reached skill level 1 in Transmutations
 19994 | Lair:5   | Reached skill level 2 in Transmutations
 20044 | Lair:5   | Reached skill level 3 in Transmutations
 20575 | Lair:5   | Identified the +2 great sword of Reinforcement {freeze,
                  | rElec}
 20605 | Lair:5   | Reached skill level 4 in Transmutations
 20639 | Lair:5   | Reached skill level 11 in Dodging
 21337 | Lair:5   | Reached skill level 12 in Dodging
 21551 | Lair:5   | Found a corrupted altar of Lugonu.
 21569 | Lair:5   | You add the spells Spellforged Servitor and Dragon's Call
                  | to your library.
 21988 | D:11     | Found the +3 warlock's mirror {omnireflect}
 22252 | D:12     | Found a staircase to the Orcish Mines.
 22417 | D:12     | Found a runed translucent gate.
 22419 | D:12     | Found a runed translucent gate.
 22420 | D:12     | Found a runed translucent gate.
 22421 | D:12     | Noticed Romerr's ghost (journeyman FoDe)
 22626 | D:12     | Found an iron altar of Okawaru.
 22799 | D:12     | Reached XP level 15. HP: 135/135 MP: 25/25
 23032 | D:12     | Reached skill level 13 in Necromancy
 23417 | D:12     | Killed Romerr's ghost
 23542 | D:12     | Identified the ring of Guimpe {Str+3 Int+6}
 23584 | Orc:1    | Entered Level 1 of the Orcish Mines
 23948 | Orc:2    | Entered Level 2 of the Orcish Mines
 23992 | Orc:2    | Found a staircase to the Elven Halls.
 24081 | Orc:2    | Noticed Urug
 24089 | Orc:2    | Reached skill level 14 in Necromancy
 24097 | Orc:2    | Killed Urug
 24521 | Orc:1    | magus.rc [v1.9.6]
 24939 | Orc:2    | Found Xibbeh's Assorted Antiques.
 24939 | Orc:2    | Found Zayliafe's Book Shop.
 24941 | Orc:2    | Found Vemuty's General Store.
 24941 | Orc:2    | Found Wuomal's Magic Scroll Shop.
 24957 | Orc:2    | Bought a dented jasper amulet for 150 gold pieces
 24962 | Orc:2    | Bought a scroll of identify for 60 gold pieces
 24962 | Orc:2    | Bought a scroll of identify for 60 gold pieces
 24966 | Orc:2    | Bought a potion of enlightenment for 70 gold pieces
 24966 | Orc:2    | Bought a potion of enlightenment for 70 gold pieces
 24967 | Orc:2    | Bought 2 scrolls of enchant weapon for 240 gold pieces
 24967 | Orc:2    | Bought a scroll of identify for 32 gold pieces
 24967 | Orc:2    | Bought a scroll of identify for 32 gold pieces
 24967 | Orc:2    | Bought a scroll of teleportation for 48 gold pieces
 24967 | Orc:2    | Bought a scroll of teleportation for 48 gold pieces
 24967 | Orc:2    | Bought a scroll of butterflies for 64 gold pieces
 24967 | Orc:2    | Bought a scroll of butterflies for 64 gold pieces
 25305 | Orc:1    | Reached skill level 8 in Shields
 26055 | D:13     | Reached skill level 13 in Dodging
 26808 | D:13     | You pick up a book of Blood and begin reading...
 26820 | D:13     | Found a gate to the Vaults.
 27193 | D:13     | Reached skill level 14 in Fighting
 27401 | D:13     | Noticed Snorg
 27404 | D:13     | Killed Snorg
 27722 | D:14     | Found Toixig's Armour Shoppe.
 28131 | D:14     | Noticed Frances
 28140 | D:14     | Killed Frances
 28141 | D:14     | Reached skill level 15 in Fighting
 28204 | D:14     | Bought a +2 pair of gloves for 264 gold pieces
 28401 | D:14     | Found a blossoming altar of Fedhas.
 28430 | D:15     | Entered Level 15 of the Dungeon
 28462 | D:15     | Found a shimmering blue altar of Sif Muna.
 28481 | D:15     | Found a runed translucent gate.
 28481 | D:15     | Found a runed translucent gate.
 28481 | D:15     | Found a runed translucent gate.
 28481 | D:15     | Identified the +3 sling of Indomitability {drain, rF+ rC++
                  | Int-4}
 28481 | D:15     | Identified +2 pearl dragon scales
 28517 | D:15     | Noticed Guofuxagu's ghost (journeyman TrCA)
 29022 | D:15     | Found a staircase to the Depths.
 29023 | D:15     | Noticed a fire giant
 29024 | D:15     | Upgraded the game from 0.31-a0-920-g28cbb04a8c to
                  | 0.31-a0-925-g0a390f2509
 29024 | D:15     | magus.rc [v1.9.6]
 29032 | D:15     | Killed a fire giant
 29033 | D:15     | Reached XP level 16. HP: 149/149 MP: 26/26
 29038 | D:15     | Learned a level 4 spell: Dispel Undead
 29043 | D:15     | Learned a level 4 spell: Anguish
 29704 | D:15     | Gained mutation: You possess an exceptional clarity of
                  | mind. [potion of mutation]
 29704 | D:15     | Gained mutation: You have large cloven feet. [potion of
                  | mutation]
 29864 | Snake:1  | Entered Level 1 of the Snake Pit
 30003 | Snake:1  | Noticed Louise
 30055 | Snake:1  | Killed Louise
 30184 | Snake:1  | Found a runed translucent door.
 30187 | Snake:1  | Noticed DEFE's ghost (adept DsFi)
 30357 | Snake:1  | Reached skill level 14 in Dodging
 30595 | Snake:1  | Noticed Nikola
 30885 | Snake:1  | Killed Nikola
 30886 | Snake:1  | Reached skill level 8 in Spellcasting
 31477 | Snake:2  | Reached skill level 9 in Spellcasting
 31953 | Snake:2  | Found Gesu's General Store.
 31953 | Snake:2  | Found Patoud's Weapon Shoppe.
 31957 | Snake:2  | Found Gima's Antique Weapon Emporium.
 31961 | Snake:2  | Bought a scroll of revelation for 105 gold pieces
 31961 | Snake:2  | Bought a scroll of identify for 28 gold pieces
 31961 | Snake:2  | Bought a scroll of immolation for 56 gold pieces
 31970 | Snake:2  | You add the spells Haunt, Borgnjor's Revivification and
                  | Death's Door to your library.
 31976 | Snake:2  | Learned a level 4 spell: Summon Lightning Spire
 32114 | Snake:2  | Reached skill level 1 in Summonings
 32567 | Snake:2  | Reached skill level 2 in Summonings
 32810 | Snake:3  | Reached skill level 1 in Shapeshifting
 32815 | Snake:3  | Reached skill level 2 in Shapeshifting
 32826 | Snake:3  | Noticed Mara
 32857 | Snake:3  | Reached skill level 3 in Shapeshifting
 32897 | Snake:3  | Killed Mara
 32898 | Snake:3  | Reached skill level 4 in Shapeshifting
 33256 | Snake:3  | Reached skill level 5 in Shapeshifting
 33801 | Snake:3  | Found Ogusky's Jewellery Shoppe.
 34013 | Snake:3  | Reached skill level 6 in Shapeshifting
 34205 | Snake:3  | Identified the +2 cloak "Dyfourr" {Int-2 SInv Stlth+}
 34254 | Snake:4  | Entered Level 4 of the Snake Pit
 34298 | Snake:4  | You pick up a book of the Hunter and begin reading...
 34298 | Snake:4  | You add the spells Call Canine Familiar, Dimensional
                  | Bullseye and Leda's Liquefaction to your library.
 34303 | Snake:4  | Learned a level 3 spell: Call Canine Familiar
 34484 | Snake:4  | Reached skill level 7 in Shapeshifting
 34503 | Snake:4  | Reached XP level 17. HP: 70/156 MP: 19/30
 35055 | Snake:4  | Reached skill level 8 in Shapeshifting
 35445 | Snake:4  | Reached skill level 9 in Shapeshifting
 35820 | Snake:4  | Got a serpentine rune of Zot
 36446 | Snake:4  | Reached skill level 10 in Shapeshifting
 36746 | Snake:4  | Reached skill level 1 in Long Blades
 36806 | Snake:4  | Reached skill level 2 in Long Blades
 36820 | Snake:4  | Reached skill level 3 in Long Blades
 36826 | Snake:4  | HP: 24/156 [salamander tyrant (23)]
 37182 | Snake:4  | Reached skill level 4 in Long Blades
 37363 | Shoals:1 | Entered Level 1 of the Shoals
 37416 | Lair:2   | Reached skill level 5 in Long Blades
 37441 | Shoals:1 | Noticed Donald
 37783 | Vaults:5 | Identified the of Punkydun
 37783 | Vaults:5 | Identified the of Cizirur
 37783 | Crypt:3  | Identified the of Cogem
 37783 | Crypt:3  | Identified the "Nixybise"
 37783 | Crypt:3  | Identified the "Dofihum"
 37783 | Elf:1    | Entered Level 1 of the Elven Halls
 37820 | Elf:1    | Found a radiant altar of Vehumet.
 37874 | Elf:1    | Reached skill level 6 in Long Blades
 37901 | Elf:1    | Noticed Agnes
 37912 | Elf:1    | Killed Agnes
 38015 | Elf:1    | Reached skill level 7 in Long Blades
 38079 | Elf:1    | You pick up a book of Burglary and begin reading...
 38153 | Elf:1    | Reached skill level 8 in Long Blades
 38171 | Elf:1    | You pick up a book of Vapours and begin reading...
 38171 | Elf:1    | You add the spells Poisonous Vapours, Mephitic Cloud and
                  | Freezing Cloud to your library.
 38276 | Elf:1    | HP: 33/156 [+2 glaive of protection (17)]
 38654 | Vaults:1 | Entered Level 1 of the Vaults
 38959 | Vaults:1 | Reached skill level 9 in Long Blades
 39314 | Vaults:1 | Reached XP level 18. HP: 163/163 MP: 26/31
 39405 | Vaults:1 | Reached skill level 10 in Long Blades
 40028 | Vaults:1 | Reached skill level 11 in Long Blades
 40585 | Vaults:2 | Noticed a tentacled monstrosity
 40964 | Vaults:2 | Reached skill level 12 in Long Blades
 41016 | Vaults:2 | Killed a tentacled monstrosity
 41057 | Vaults:2 | Reached skill level 13 in Long Blades
 41457 | Vaults:2 | Noticed Wiath's ghost (adept DrBr)
 41458 | Vaults:2 | Found a runed translucent gate.
 41458 | Vaults:2 | Found a runed translucent gate.
 41458 | Vaults:2 | Found a runed translucent gate.
 41518 | Vaults:2 | Found a staircase to the Crypt.
 41562 | Vaults:2 | You fall into a shaft and drop 1 floor!
 41706 | Vaults:3 | Noticed Saint Roka
 41727 | Vaults:3 | Killed Saint Roka
 41740 | Vaults:3 | Your ally Saint Roka died
 41789 | Vaults:3 | Reached skill level 9 in Shields
 42067 | Vaults:3 | You add the spells Alistair's Intoxication, Borgnjor's Vile
                  | Clutch and Eringya's Noxious Bog to your library.
 42133 | Vaults:3 | Reached skill level 10 in Shields
 42439 | Vaults:3 | Noticed Frederick
 42451 | Vaults:3 | Killed Frederick
 42452 | Vaults:3 | Reached skill level 11 in Shields
 42452 | Vaults:3 | Reached XP level 19. HP: 161/170 MP: 26/32
 42670 | Vaults:3 | Reached skill level 12 in Shields
 42719 | Vaults:3 | Noticed Aizul
 42733 | Vaults:3 | Killed Aizul
 43167 | Vaults:3 | Noticed Mennas
 43406 | Vaults:2 | Noticed Sojobo
 43421 | Vaults:2 | Paralysed by an air elemental for 1 turns
 43738 | Elf:1    | Reached skill level 13 in Shields
 43742 | Elf:1    | Reached ****** piety under Kikubaaqudgha
 43747 | Elf:1    | Found Afil's Book Emporium.
 43747 | Elf:1    | Found Vibir's Jewellery Shop.
 43748 | Elf:1    | Found Veesoafe's Book Emporium.
 43759 | Elf:1    | Identified a +9 demon blade of pain {long} (a +8 demon
                  | blade of flaming {long} bloodied by Kikubaaqudgha)
 43759 | Elf:1    | Received a gift from Kikubaaqudgha
 43920 | Elf:1    | Bought the amulet "Ezirroes" {Reflect +Inv rElec Regen+
                  | SH+5} for 918 gold pieces
 44363 | Elf:2    | Found a shimmering blue altar of Sif Muna.
 44665 | Elf:2    | Reached skill level 14 in Shields
 44762 | Elf:2    | Found a portal to a secret trove of treasure.
 44842 | Elf:2    | Identified the +0 pair of gloves of Lethargy {rElec Will-
                  | Str+4}
 44935 | Elf:2    | Found a runed translucent gate.
 44935 | Elf:2    | Found a runed translucent gate.
 44935 | Elf:2    | Found a runed translucent gate.
 45132 | Elf:3    | Identified the "Ynuiqome"
 45132 | Elf:3    | Identified the of Weje Acw
 45132 | Elf:3    | Identified the "Egopuac"
 45132 | Elf:3    | Entered Level 3 of the Elven Halls
 45366 | Elf:3    | Reached skill level 15 in Shields
 45368 | Elf:3    | Reached skill level 10 in Spellcasting
 45750 | Elf:3    | Reached skill level 5 in Evocations
 46023 | Elf:3    | Reached skill level 6 in Evocations
 46031 | Elf:3    | Reached skill level 7 in Evocations
 46049 | Elf:3    | Reached skill level 8 in Evocations
 46049 | Elf:3    | Reached XP level 20. HP: 154/178 MP: 11/34
 46242 | Elf:3    | Identified the amulet of Zohaom {Faith rN+ Str+3}
 46252 | Elf:3    | You pick up a book of Lightning and begin reading...
 46252 | Elf:3    | You add the spells Vhi's Electric Charge, Arcjolt and
                  | Plasma Beam to your library.
 46260 | Elf:3    | Identified the +8 hand axe "Huppieck" {protect, Str+2}
 46266 | Elf:3    | Identified the +4 falchion "Caareah" {flame, Fly rF+ Will+}
 46279 | Elf:3    | You add the spells Hailstorm and Lehudib's Crystal Spear to
                  | your library.
 46290 | Elf:3    | Identified the amulet of Efetunt {Reflect rPois rF+ rCorr
                  | SH+5}
 46418 | Elf:3    | Identified the +7 sling of Tartarus {flame, Str+3}
 46425 | Elf:3    | You pick up a book of the Spheres and begin reading...
 46777 | Elf:1    | Bought a manual of Fighting for 1280 gold pieces
 47716 | Vaults:2 | Learned a level 5 spell: Borgnjor's Vile Clutch
 47738 | Vaults:2 | Reached skill level 1 in Earth Magic
 47799 | Vaults:2 | Paralysed by an air elemental for 1 turns
 47813 | Vaults:2 | Paralysed by an air elemental for 1 turns
 47819 | Vaults:2 | Paralysed by an air elemental for 1 turns
 47827 | Vaults:2 | Killed Sojobo
 47828 | Vaults:2 | Reached skill level 2 in Earth Magic
 47900 | Vaults:2 | Noticed a caustic shrike
 48015 | Vaults:2 | Reached skill level 3 in Earth Magic
 48516 | Vaults:2 | Reached skill level 4 in Earth Magic
 49108 | Vaults:2 | Reached skill level 5 in Earth Magic
 49156 | Vaults:2 | You pick up a book of Storms and begin reading...
 49304 | Vaults:2 | Killed Wiath's ghost
 49492 | Vaults:3 | Reached skill level 6 in Earth Magic
 50205 | Snake:1  | Killed DEFE's ghost
 50512 | Vaults:4 | Reached skill level 7 in Earth Magic
 50630 | Vaults:4 | Noticed Zenata
 50636 | Vaults:4 | Zenata changed into Zenata the quicksilver ooze
 50636 | Vaults:4 | Noticed Zenata
 50640 | Vaults:4 | Killed Zenata the quicksilver ooze
 50646 | Vaults:4 | Your ally Zenata died
 50877 | Vaults:4 | Reached skill level 16 in Fighting
 51102 | Vaults:4 | Reached skill level 15 in Dodging
 51205 | Vaults:4 | Found a runed translucent gate.
 51205 | Vaults:4 | Found a runed translucent gate.
 51205 | Vaults:4 | Found an opulent altar of Gozag.
 51205 | Vaults:4 | Found a runed translucent gate.
 51206 | Vaults:4 | Found Visij's Assorted Antiques.
 51206 | Vaults:4 | Noticed a dread lich
 51206 | Vaults:4 | Noticed Plog's ghost (adept AtMo)
 51207 | Vaults:4 | Found Kepsonys's Assorted Antiques.
 51244 | Vaults:4 | Noticed Xtahua
 51255 | Vaults:4 | Killed Xtahua
 51256 | Vaults:4 | Reached skill level 17 in Fighting
 52124 | Depths:1 | Entered Level 1 of the Depths
 52406 | Depths:1 | You pick up a book of Blood and begin reading...
 52612 | Depths:1 | Noticed Asterion
 52679 | Depths:1 | Killed Asterion
 52700 | Depths:1 | Reached skill level 18 in Fighting
 52713 | Depths:1 | You pick up a book of Necromancy and begin reading...
 52717 | Depths:1 | Found a one-way gateway to a ziggurat.
 52819 | Depths:1 | Found a gateway to Hell.
 52870 | Depths:1 | Found a bloodstained altar of Trog.
 52901 | Depths:1 | Reached XP level 21. HP: 124/194 MP: 27/35
 53415 | Depths:2 | Reached skill level 19 in Fighting
 53426 | Depths:2 | Reached skill level 16 in Dodging
 53453 | Depths:2 | Found a transporter.
 53478 | Depths:2 | Noticed a juggernaut
 53480 | Depths:2 | Identified the amulet "Raerri" {Faith Regen+ Str+2}
 53482 | Depths:2 | Noticed a golden dragon
 53500 | Depths:2 | Reached skill level 15 in Necromancy
 53528 | Depths:2 | Found a transporter.
 53638 | Depths:2 | Noticed Norris
 53671 | Depths:2 | Killed Norris
 53745 | Depths:2 | Reached skill level 20 in Fighting
 54253 | Depths:2 | Found a one-way gate leading to the halls of Pandemonium.
 54520 | Depths:3 | Reached skill level 16 in Necromancy
 54544 | Depths:3 | Found a corrupted altar of Lugonu.
 54966 | Depths:3 | Reached skill level 17 in Necromancy
 54966 | Depths:3 | Noticed a golden dragon
 54974 | Depths:3 | Killed a golden dragon
 54975 | Depths:3 | Identified the +6 morningstar "Muoq" {venom, *Rage Fly rN+
                  | rCorr}
 55152 | Depths:3 | Reached XP level 22. HP: 209/209 MP: 36/36
 55336 | Depths:3 | Identified the -1 helmet of the Poles {Rampage Dex+4
                  | Slay+2}
 55345 | Depths:3 | Identified the +0 chain mail "Dalloe" {rF+ Int+2}
 55494 | Depths:3 | Found an ornate altar of the Wu Jian Council.
 55589 | Depths:3 | Reached skill level 18 in Necromancy
 55710 | Depths:3 | You fall into a shaft and drop 1 floor!
 55710 | Depths:4 | Entered Level 4 of the Depths
 55854 | Depths:3 | Found an ancient bone altar of Kikubaaqudgha.
 56521 | Depths:4 | Found a gate to the Realm of Zot.
 56688 | Depths:4 | Noticed a juggernaut
 56859 | Depths:4 | Reached skill level 17 in Dodging
 57086 | Depths:4 | Found a white marble altar of Elyvilon.
 57122 | Depths:4 | Noticed a caustic shrike
 57123 | Depths:4 | Noticed a caustic shrike
 57136 | Depths:4 | Noticed a caustic shrike
 57141 | Depths:4 | Killed a caustic shrike
 57144 | Depths:4 | Killed a caustic shrike
 57147 | Depths:4 | Killed a caustic shrike
 57491 | Depths:4 | Identified +8 gold dragon scales
 57491 | Depths:4 | Noticed Parghit
 57504 | Depths:4 | Killed Parghit
 57506 | Depths:4 | 4 large rocks {=fthrowing}; +8 gold dragon scales {rare}; a
                  | +0 troll leather armour {Parghit}
 57943 | Lair:2   | Killed Donald
 58180 | Depths:2 | Identified the +0 pair of gloves of the Constellations
                  | {Str+2 Int+3 Slay+3}
 58247 | Depths:2 | Learned a level 7 spell: Haunt
 58697 | Shoals:1 | Reached skill level 3 in Summonings
 58769 | Shoals:1 | Reached skill level 18 in Dodging
 58847 | Shoals:1 | Reached skill level 4 in Summonings
 58955 | Shoals:1 | Reached skill level 5 in Summonings
 59278 | Shoals:2 | Noticed Mlioglotl
 59293 | Shoals:2 | Killed Mlioglotl
 59294 | Shoals:2 | Reached skill level 6 in Summonings
 59569 | Shoals:2 | Found a runed translucent door.
 59570 | Shoals:2 | Noticed Mulqof's ghost (adept DgBr)
 59583 | Shoals:2 | Reached skill level 7 in Summonings
 59745 | Shoals:2 | Reached skill level 8 in Summonings
 60183 | Shoals:2 | Killed Mulqof's ghost
 60304 | Shoals:3 | Reached skill level 9 in Summonings
 60305 | Shoals:3 | Reached XP level 23. HP: 216/216 MP: 37/37
 60376 | Shoals:3 | Learned a level 5 spell: Summon Forest
 60387 | Shoals:3 | Found Arphiyma's Armour Shoppe.
 60613 | Shoals:3 | Reached skill level 10 in Summonings
 60804 | Shoals:4 | Entered Level 4 of the Shoals
 60817 | Shoals:4 | Reached skill level 1 in Translocations
 60875 | Shoals:4 | Reached skill level 2 in Translocations
 60937 | Shoals:4 | Reached skill level 3 in Translocations
 60953 | Shoals:4 | Identified the +6 sling of the Burning Wasp {heavy, +Blink
                  | rF++}
 60956 | Shoals:4 | Identified the amulet of Ekyxu {Spirit Harm rElec Slay-6}
 60974 | Shoals:4 | Reached skill level 4 in Translocations
 60986 | Shoals:4 | a merfolk javelineer comes into view. It is wielding the +6
                  | Majin-Bo {spellvamp, MP+6 Int+6}.
 61043 | Shoals:4 | You pick up a book of the Senses and begin reading...
 61043 | Shoals:4 | You add the spells Dazzling Flash and Silence to your
                  | library.
 61087 | Shoals:4 | Reached skill level 5 in Translocations
 61116 | Shoals:4 | Reached skill level 6 in Translocations
 61118 | Shoals:4 | Reached skill level 1 in Air Magic
 61123 | Shoals:4 | Learned a level 4 spell: Vhi's Electric Charge
 61220 | Shoals:4 | Got a barnacled rune of Zot
 61276 | Shoals:4 | Reached skill level 2 in Air Magic
 61296 | Shoals:4 | Reached skill level 3 in Air Magic
 61811 | Vaults:3 | Killed Mennas
 62000 | Vaults:4 | Killed a dread lich
 62035 | Vaults:4 | Killed Plog's ghost
 62278 | Vaults:4 | a +0 arbalest {crossbow}; quicksilver dragon scales {rare};
                  | a yaktaur skeleton
 62292 | Vaults:4 | Reached skill level 4 in Air Magic
 62310 | Vaults:4 | Bought a potion of enlightenment for 180 gold pieces
 62310 | Vaults:4 | Bought a potion of enlightenment for 180 gold pieces
 62367 | Vaults:5 | Entered Level 5 of the Vaults
 62465 | Vaults:5 | Identified the +2 robe of Rotten Surprise {Dex+6}
 62484 | Vaults:5 | Reached skill level 5 in Air Magic
 62617 | Vaults:5 | Reached skill level 11 in Summonings
 62689 | Vaults:5 | Reached skill level 6 in Air Magic
 62691 | Vaults:5 | Here: a vault guard, wielding the +8 mithril axe "Arga"
                  | {speed, Will+}, wearing a +0 plate armour and wearing a +0
                  | kite shield (lightly wounded, ally target)
 62691 | Vaults:5 | Here: a vault guard, wielding the +8 mithril axe "Arga"
                  | {speed, Will+}, wearing a +0 plate armour and wearing a +0
                  | kite shield (lightly wounded, ally target)
 62691 | Vaults:5 | Aim: a vault guard, wielding the +8 mithril axe "Arga"
                  | {speed, Will+}, wearing a +0 plate armour and wearing a +0
                  | kite shield (lightly wounded, ally target, chance to
                  | affect: 8%)
 62691 | Vaults:5 | Aim: a vault guard, wielding the +8 mithril axe "Arga"
                  | {speed, Will+}, wearing a +0 plate armour and wearing a +0
                  | kite shield (lightly wounded, ally target, chance to
                  | affect: 8%)
 62892 | Vaults:5 | Identified the +0 pair of gloves of Hegyanill {Will- rCorr
                  | Str+9 Dex-3}
 62894 | Vaults:5 | Identified the ring "Hacoshridgh" {Fire rN+ rCorr Int-5
                  | Dex+2}
 62929 | Vaults:5 | Reached skill level 19 in Necromancy
 62930 | Vaults:5 | Reached skill level 12 in Summonings
 62932 | Vaults:5 | HP: 26/216 [deep elf high priest/damnation (32)]
 62939 | Vaults:5 | HP: 43/216 [tengu reaver/bolt of acid (16)]
 63202 | Vaults:4 | Reached XP level 24. HP: 191/224 MP: 25/37
 64088 | Depths:1 | Voluntarily entered the Abyss.
 64156 | Abyss:1  | Found a corrupted altar of Lugonu.
 64179 | Abyss:1  | Paralysed by accursed screaming for 1 turns
 64261 | Abyss:1  | Reached skill level 13 in Summonings
 64293 | Abyss:1  | Found a corrupted altar of Lugonu.
 64315 | Abyss:1  | Found a corrupted altar of Lugonu.
 64315 | Abyss:1  | Found a corrupted altar of Lugonu.
 64477 | Abyss:2  | Found an iron altar of Okawaru.
 64592 | Abyss:2  | Reached skill level 20 in Necromancy
 64712 | Abyss:2  | Found a corrupted altar of Lugonu.
 64969 | Abyss:2  | Gained mutation: Potions are less effective at restoring
                  | your health. [a neqoxec]
 65013 | Abyss:2  | Found a corrupted altar of Lugonu.
 65044 | Abyss:2  | Found a corrupted altar of Lugonu.
 65044 | Abyss:2  | Found a corrupted altar of Lugonu.
 65278 | Abyss:3  | Reached skill level 14 in Summonings
 65296 | Abyss:3  | HP: 50/201 [starcursed mass/accursed screaming (7)]
 65301 | Abyss:3  | HP: 42/201 [starcursed mass/accursed screaming (6)]
 65307 | Abyss:3  | HP: 51/224 [starcursed mass/accursed screaming (9)]
 65312 | Abyss:3  | HP: 47/224 [starcursed mass/accursed screaming (4)]
 65453 | Depths:1 | You pass through the gate.
 65453 | Depths:1 | Escaped the Abyss
 65528 | Depths:1 | Learned a level 2 spell: Blink
 66356 | Vaults:5 | Reached skill level 15 in Summonings
 66480 | Vaults:5 | You pick up a book of Chaos and begin reading...
 66480 | Vaults:5 | You add the spells Disjunction and Discord to your library.
 66538 | Vaults:5 | You add the spells Inner Flame, Flame Wave and Metabolic
                  | Englaciation to your library.
 66552 | Vaults:5 | Got a silver rune of Zot
 66660 | Vaults:5 | Identified the staff of Virtue {rF+ rN+ Str+4 Int+4 Fire}
 67012 | Vaults:5 | You pick up a book of the Moon and begin reading...
 67016 | Vaults:5 | You pick up a book of Party Tricks and begin reading...
 67592 | Zot:3    | Identified the "Huperug"
 67592 | Slime:1  | Entered Level 1 of the Pits of Slime
 67595 | Slime:1  | Gained mutation: You do not regenerate when monsters are
                  | visible. [a shining eye]
 67618 | Slime:1  | Lost mutation: Potions are less effective at restoring your
                  | health. [potion of mutation]
 67618 | Slime:1  | Lost mutation: You possess an exceptional clarity of mind.
                  | [potion of mutation]
 67618 | Slime:1  | Lost mutation: You do not regenerate when monsters are
                  | visible. [potion of mutation]
 67618 | Slime:1  | Gained mutation: You occasionally lose the ability to drink
                  | potions when taking damage. [potion of mutation]
 67618 | Slime:1  | Gained mutation: You are covered in fur. (AC +1) [potion of
                  | mutation]
 68244 | Slime:5  | Identified the "Awopliunnu"
 68244 | Slime:5  | Entered Level 5 of the Pits of Slime
 68362 | Slime:5  | Found a viscous altar of Jiyva.
 68432 | Slime:5  | Reached skill level 21 in Fighting
 68593 | Slime:5  | Noticed the Royal Jelly
 68605 | Slime:5  | Killed the Royal Jelly
 68606 | Slime:5  | Reached skill level 19 in Dodging
 68894 | Slime:5  | Identified the +7 sling of Triumph {freeze, Drain rF+
                  | Str+4}
 68897 | Slime:5  | Identified the scarf of Quliemoh {rC+ rF+, +Blink rPois
                  | rCorr Int-3}
 68912 | Slime:5  | You add the spells Sticky Flame and Ignition to your
                  | library.
 68927 | Slime:5  | Identified the +7 scale mail of Generosity {rElec}
 68937 | Slime:5  | Identified the +4 plate armour "Rinwotao" {Dex+2}
 68940 | Slime:5  | Got a slimy rune of Zot
 68941 | Slime:5  | Identified the +1 shortbow "Kuchoam" {antimagic, Int+3
                  | SInv}
 68973 | Slime:5  | You add the spells Momentum Strike, Lesser Beckoning and
                  | Dispersal to your library.
 68976 | Slime:5  | Identified the staff "Gepliv" {+Blink rPois rF+++ Str-2
                  | Int-2 Poison}
 68980 | Slime:5  | You add the spells Malign Gateway and Summon Horrible
                  | Things to your library.
 68983 | Slime:5  | Identified the +6 dagger of Diet Blood {protect, *Rage
                  | Str+7}
 69011 | Slime:5  | You pick up a book of Decay and begin reading...
 69020 | Slime:5  | You pick up a book of Scorching and begin reading...
 69020 | Slime:5  | You add the spells Scorch and Summon Cactus Giant to your
                  | library.
 69026 | Slime:5  | Lost mutation: You are covered in fur. (AC +1) [potion of
                  | mutation]
 69026 | Slime:5  | Lost mutation: You occasionally lose the ability to drink
                  | potions when taking damage. [potion of mutation]
 69026 | Slime:5  | Lost mutation: You have large cloven feet. [potion of
                  | mutation]
 69026 | Slime:5  | Gained mutation: You are dopey. (Int -2) [potion of
                  | mutation]
 69026 | Slime:5  | Gained mutation: You are robust. (+10% HP) [potion of
                  | mutation]
 69368 | Zot:1    | Entered Level 1 of the Realm of Zot
 69578 | Zot:2    | Reached XP level 25. HP: 258/258 MP: 37/37
 70019 | Vaults:4 | Bought a wand of digging (9) for 1625 gold pieces
 70431 | Zot:5    | Entered Level 5 of the Realm of Zot
 70439 | Zot:5    | Learned a level 4 spell: Passage of Golubria
 70555 | Zot:5    | Noticed a dread lich
 70555 | Zot:5    | Noticed a Killer Klown
 70574 | Zot:5    | Killed a dread lich
 70575 | Zot:5    | Reached skill level 7 in Translocations
 70597 | Zot:5    | Killed a Killer Klown
 71046 | Zot:5    | Reached skill level 8 in Translocations
 71109 | Zot:5    | magus.rc [v1.9.6]
 71669 | Crypt:1  | Entered Level 1 of the Crypt
 71913 | Crypt:1  | Noticed Boris
 71925 | Crypt:1  | Killed Boris
 72080 | Crypt:1  | Noticed a curse skull
 72085 | Crypt:1  | Killed a curse skull
 72509 | Crypt:1  | Reached skill level 9 in Translocations
 73300 | Crypt:2  | Reached skill level 16 in Summonings
 73300 | Crypt:2  | Reached skill level 10 in Translocations
 73689 | Crypt:2  | Noticed a royal mummy
 73691 | Crypt:2  | Noticed Khufu
 73691 | Crypt:2  | Khufu the Undying Pharaoh comes into view. He is wearing
                  | the amulet of Vitality {RegenMP++ Regen++}.
 73704 | Crypt:2  | Aim: Khufu, wearing the amulet of Vitality {RegenMP++
                  | Regen++} (ally target, 100% to hit)
 73704 | Crypt:2  | Aim: Khufu, wearing the amulet of Vitality {RegenMP++
                  | Regen++} (ally target, 100% to hit)
 73705 | Crypt:2  | Aim: Khufu, wearing the amulet of Vitality {RegenMP++
                  | Regen++} (lightly damaged, ally target, 100% to hit)
 73705 | Crypt:2  | Aim: Khufu, wearing the amulet of Vitality {RegenMP++
                  | Regen++} (lightly damaged, ally target, 100% to hit)
 73706 | Crypt:2  | Aim: Khufu, wearing the amulet of Vitality {RegenMP++
                  | Regen++} (moderately damaged, ally target, 100% to hit)
 73706 | Crypt:2  | Aim: Khufu, wearing the amulet of Vitality {RegenMP++
                  | Regen++} (moderately damaged, ally target, 100% to hit)
 73707 | Crypt:2  | Aim: Khufu, wearing the amulet of Vitality {RegenMP++
                  | Regen++} (heavily damaged, ally target, 100% to hit)
 73707 | Crypt:2  | Aim: Khufu, wearing the amulet of Vitality {RegenMP++
                  | Regen++} (heavily damaged, ally target, 100% to hit)
 73708 | Crypt:2  | Aim: Khufu, wearing the amulet of Vitality {RegenMP++
                  | Regen++} (severely damaged, ally target, 100% to hit)
 73708 | Crypt:2  | Aim: Khufu, wearing the amulet of Vitality {RegenMP++
                  | Regen++} (severely damaged, ally target, 100% to hit)
 73709 | Crypt:2  | Aim: Khufu, wearing the amulet of Vitality {RegenMP++
                  | Regen++} (severely damaged, ally target, 100% to hit)
 73709 | Crypt:2  | Aim: Khufu, wearing the amulet of Vitality {RegenMP++
                  | Regen++} (severely damaged, ally target, 100% to hit)
 73712 | Crypt:2  | Killed Khufu
 73885 | Crypt:2  | Killed a royal mummy
 74185 | Crypt:3  | Entered Level 3 of the Crypt
 74242 | Crypt:3  | HP: 64/258 [flayed ghost/flay_damage (20)]
 74264 | Crypt:3  | Learned a level 7 spell: Malign Gateway
 74568 | Crypt:3  | Reached skill level 11 in Translocations
 74655 | Crypt:3  | Noticed a curse skull
 74659 | Crypt:3  | Killed a curse skull
 74665 | Crypt:3  | Identified the amulet of Doubts {Spirit Regen+ SInv}
 75041 | Crypt:3  | You add the spells Freeze and Summon Ice Beast to your
                  | library.
 75044 | Crypt:3  | Noticed a dread lich
 75056 | Crypt:3  | Killed a dread lich
 75154 | Crypt:3  | You add the spells Tukima's Dance and Yara's Violent
                  | Unravelling to your library.
 75156 | Crypt:3  | You pick up a book of Hexes and begin reading...
 75267 | Crypt:3  | Found an ancient bone altar of Kikubaaqudgha.
 75269 | Crypt:3  | Noticed an ancient lich
 75276 | Crypt:3  | Killed an ancient lich
 75277 | Crypt:3  | Reached skill level 12 in Translocations
 75433 | Crypt:3  | You pick up a book of Decay and begin reading...
 75442 | Crypt:3  | You pick up a book of Fire and begin reading...
 75442 | Crypt:3  | You add the spells Foxfire and Starburst to your library.
 75586 | Crypt:3  | Identified the +1 morningstar "Noluoc" {protect, Dex+3}
 75807 | Crypt:3  | Found a staircase to the Tomb.
 75838 | Crypt:3  | Identified the ring "Xona" {rPois rC+ rN+ Str+4 Dex-5}
 75838 | Crypt:3  | Identified the ring of Xiadd {rC- rN+ Str+4 Int+4}
 75963 | Crypt:3  | Reached skill level 13 in Translocations
 76631 | Zot:5    | Noticed an orb of fire
 76963 | Zot:5    | Reached skill level 11 in Spellcasting
 76972 | Zot:5    | Noticed a Killer Klown
 76976 | Zot:5    | Reached XP level 26. HP: 268/268 MP: 16/38
 76983 | Zot:5    | Noticed an orb of fire
 76986 | Zot:5    | Noticed an electric golem
 76989 | Zot:5    | Noticed an orb of fire
 76989 | Zot:5    | Noticed an orb of fire
 76992 | Zot:5    | Killed an orb of fire
 76997 | Zot:5    | Noticed an orb of fire
 76998 | Zot:5    | Killed an orb of fire
 77007 | Zot:5    | Gained mutation: Your body sometimes deteriorates upon
                  | taking damage. [an orb of fire]
 77015 | Zot:5    | HP: 58/268 [orb of fire/fireball (23)]
 77016 | Zot:5    | Gained mutation: You are occasionally teleported next to
                  | monsters. [an orb of fire]
 77017 | Zot:5    | Killed an electric golem
 77081 | Zot:5    | Noticed an ancient lich
 77081 | Zot:5    | Noticed an orb of fire
 77081 | Zot:5    | Noticed an orb of fire
 77081 | Zot:5    | Noticed an orb of fire
 77081 | Zot:5    | Noticed an orb of fire
 77081 | Zot:5    | Noticed an orb of fire
 77081 | Zot:5    | Noticed an electric golem
 77085 | Zot:5    | Lost mutation: You are robust. (+10% HP) [potion of
                  | mutation]
 77085 | Zot:5    | Lost mutation: You are dopey. (Int -2) [potion of mutation]
 77085 | Zot:5    | Gained mutation: You have supernaturally acute eyesight.
                  | (SInv) [potion of mutation]
 77086 | Zot:5    | Lost mutation: Your body sometimes deteriorates upon taking
                  | damage. [potion of mutation]
 77086 | Zot:5    | Lost mutation: You are occasionally teleported next to
                  | monsters. [potion of mutation]
 77086 | Zot:5    | Lost mutation: You have supernaturally acute eyesight.
                  | (SInv) [potion of mutation]
 77086 | Zot:5    | Gained mutation: You have sharp toenails. [potion of
                  | mutation]
 77086 | Zot:5    | Gained mutation: You have hidden genetic potential. [potion
                  | of mutation]
 77086 | Zot:5    | Gained mutation: You are partially covered in large bone
                  | plates. (SH +4) [potion of mutation]
 77245 | Zot:5    | Killed an orb of fire
 77246 | Zot:5    | Reached skill level 14 in Translocations
 77368 | Zot:5    | Noticed a curse toe
 77380 | Zot:5    | Killed an orb of fire
 77386 | Zot:5    | Killed a curse toe
 77387 | Zot:5    | Reached skill level 12 in Spellcasting
 77391 | Zot:5    | Lost mutation: You have hidden genetic potential. [an orb
                  | of fire]
 77392 | Zot:5    | Killed an orb of fire
 77536 | Zot:5    | Killed an orb of fire
 77726 | Zot:5    | Gained mutation: You occasionally shout uncontrollably at
                  | your foes. [an orb of fire]
 77727 | Zot:5    | Killed an orb of fire
 77728 | Zot:5    | Reached skill level 15 in Translocations
 77886 | Zot:5    | Gained mutation: You are resistant to electric shocks.
                  | (rElec) [an orb of fire]
 77889 | Zot:5    | Gained mutation: You frequently scream uncontrollably at
                  | your foes. [an orb of fire]
 77892 | Zot:5    | Gained mutation: You occasionally lose the ability to drink
                  | potions when taking damage. [an orb of fire]
 77902 | Zot:5    | Killed an orb of fire
 78365 | Zot:5    | Killed an ancient lich
 78366 | Zot:5    | Reached skill level 22 in Fighting
 78373 | Zot:5    | Killed an orb of fire
 78503 | Zot:5    | Gained mutation: You are frail. (-10% HP) [an orb of fire]
 78506 | Zot:5    | Killed an orb of fire
 78630 | Zot:5    | Lost mutation: You are frail. (-10% HP) [potion of
                  | mutation]
 78630 | Zot:5    | Lost mutation: You are partially covered in large bone
                  | plates. (SH +4) [potion of mutation]
 78630 | Zot:5    | Gained mutation: Your body sometimes deteriorates upon
                  | taking damage. [potion of mutation]
 78630 | Zot:5    | Gained mutation: Your mind is acute. (Int +4, Str/Dex -1)
                  | [potion of mutation]
 78631 | Zot:5    | Lost mutation: You are resistant to electric shocks.
                  | (rElec) [potion of mutation]
 78631 | Zot:5    | Lost mutation: Your mind is acute. (Int +4, Str/Dex -1)
                  | [potion of mutation]
 78631 | Zot:5    | Gained mutation: You are frail. (-10% HP) [potion of
                  | mutation]
 78631 | Zot:5    | Gained mutation: Your tail ends in a sharp venomous barb.
                  | [potion of mutation]
 78632 | Zot:5    | Lost mutation: You occasionally lose the ability to drink
                  | potions when taking damage. [potion of mutation]
 78632 | Zot:5    | Lost mutation: You are frail. (-10% HP) [potion of
                  | mutation]
 78632 | Zot:5    | Gained mutation: You are robust. (+10% HP) [potion of
                  | mutation]
 78632 | Zot:5    | Gained mutation: You are agile. (Dex +4, Str/Int -1)
                  | [potion of mutation]
 78632 | Zot:5    | Gained mutation: Your flesh is cold resistant. (rC+)
                  | [potion of mutation]
 78709 | Zot:5    | Got the Orb of Zot
 78730 | Zot:5    | Killed an electric golem
 78746 | Zot:5    | Noticed Qeduur the pandemonium lord
 78790 | Zot:5    | Gained mutation: Your magical capacity is low. (-10% MP) [a
                  | neqoxec]
 79070 | D:14     | Noticed Derphuufy the pandemonium lord
 79075 | D:13     | Noticed Zunuf the pandemonium lord
 79095 | D:13     | Killed Zunuf the pandemonium lord
 79318 | D:5      | Killed Vorhees's ghost
 79429 | D:$      | Escaped with the Orb!

Vanquished Creatures
  the Royal Jelly (Slime:5)
  3 dread liches
  Khufu (Crypt:2)
  An ancient lich (Crypt:3)
  Mennas (Vaults:3)
  3 orbs of fire (Zot:5)
  A juggernaut (Crypt:1)
  Sojobo (Vaults:2)
  A royal mummy (Crypt:2)
  Frederick (Vaults:3)
  Boris (Crypt:1)
  Parghit (Depths:4)
  A Killer Klown (Zot:5)
  Xtahua (Vaults:4)
  Saint Roka (Vaults:3)
  A caustic shrike (Depths:4)
  2 golden dragons
  2 bone dragons
  Norris (Depths:2)
  A shard shrike zombie (Crypt:2)
  11 tentacled monstrosities
  An Ice Fiend (D:5)
  Asterion (Depths:1)
  14 Orb Guardians (Zot:5)
  Mlioglotl (Shoals:2)
  A walking crystal tome (Depths:3)
  4 liches
  The ghost of Plog the Tortoise, an adept AtMo of Okawaru (Vaults:4)
  A quicksilver dragon (Vaults:4)
  A walking frostbound tome (Depths:3)
  2 titans (Vaults:5)
  The ghost of Wiath the Deadly Accurate, an adept DrBr of Ashenzari (Vaults:2)
  5 tentacled starspawn
  8 sphinxes
  A deep elf master archer (Elf:3)
  A deep elf blademaster (Elf:3)
  7 acid blobs
  A kraken (Shoals:2)
  The ghost of Mulqof the Cruncher, an adept DgBr (Shoals:2)
  3 ancient champions
  3 death cobs (Zot:5)
  Frances (D:14)
  Gastronok (D:8)
  5 shadow dragons
  Agnes (Elf:1)
  4 storm dragons
  2 revenants
  Donald (Lair:2)
  A draconian monk (Depths:4)
  7 nagarajas
  Aizul (Vaults:3)
  A storm dragon (shapeshifter) (Vaults:5)
  10 rockslimes
  10 tengu reavers
  The ghost of DEFE the Severer, an adept DsFi of Okawaru (Snake:1)
  An azure jelly (shapeshifter) (Vaults:5)
  10 frost giants
  4 fire giants
  2 azure jellies (Slime:5)
  An iron dragon (Vaults:4)
  6 deep elf elementalists
  2 ghost moths
  15 vault wardens
  Louise (Snake:1)
  2 ghouls
  11 deep elf sorcerers
  2 curse skulls
  A juggernaut zombie (Crypt:3)
  14 ironbound preservers
  An orc warlord (Vaults:4)
  A spriggan defender (Depths:2)
  12 quicksilver oozes
  8 war gargoyles
  28 very ugly things
  A formless jellyfish (Slime:5)
  20 stone giants
  5 vampire knights
  A juggernaut skeleton (Crypt:3)
  2 caustic shrike skeletons (Crypt:1)
  2 black draconians (Depths:4)
  3 minotaurs (Shoals:4)
  2 red draconians
  A white draconian (Zot:3)
  4 ironbound thunderhulks
  2 lorocyprocas
  A purple draconian (Depths:4)
  3 deep elf demonologists
  3 deep elf annihilators
  11 spark wasps
  A green death (D:13)
  Snorg (D:13)
  7 dire elephants (Vaults:3)
  5 deep elf death magi
  6 fire dragons
  8 ettins
  A merfolk javelineer (Shoals:4)
  A crystal guardian (Vaults:2)
  2 mummy priests
  4 merfolk impalers
  6 deep elf high priests
  4 eidola
  11 jiangshi
  Josephine (D:10)
  An entropy weaver (Vaults:3)
  A fenstrider witch zombie (Crypt:2)
  A hell beast (Depths:1)
  8 yaktaur captains
  A spriggan zombie (Crypt:3)
  5 great orbs of eyes
  7 ice dragons
  A spriggan air mage (Depths:4)
  2 catoblepae
  5 peacekeepers
  28 vault guards
  2 merfolk avatars
  4 ironbound frosthearts
  4 salamander tyrants
  An alligator snapping turtle (Shoals:3)
  11 hydras
  3 anacondas
  6 two-headed ogres
  2 death knights
  15 dancing weapons
  10 centaur warriors
  3 boulder beetles
  2 alligators (shapeshifter)
  3 merfolk aquamancers
  11 satyrs
  12 naga warriors
  3 death yaks (D:11)
  6 tengu warriors
  5 deep troll shamans
  Urug (Orc:2)
  5 deep troll earth magi
  7 vampire magi
  6 hell knights
  5 naga sharpshooters
  7 thrashing horrors
  4 orc high priests
  A spriggan berserker (Depths:3)
  3 shock serpents
  11 deep elf knights
  A demonic crawler (Abyss:2)
  2 wretched stars
  3 salamander mystics
  2 sixfirhies
  7 skysharks
  A sun demon (Depths:4)
  8 sea snakes
  3 shadow wraiths
  6 skeletal warriors
  6 flayed ghosts
  2 iron trolls
  13 starcursed masses
  11 arcanists
  An anaconda zombie (Crypt:3)
  A spatial maelstrom (Abyss:2)
  A glowing orange brain (shapeshifter) (Depths:1)
  A shadow demon (Depths:2)
  An obsidian statue (Vaults:4)
  10 deep elf archers
  A bog body (Crypt:2)
  35 deep trolls
  9 glowing orange brains
  6 necromancers
  5 occultists
  22 ironbound convokers
  11 orc knights
  32 harpies
  2 naga ritualists (Snake:2)
  20 deep elf pyromancers
  18 phantasmal warriors
  16 lindwurms
  3 orc sorcerers (Orc:2)
  34 deep elf zephyrmancers
  A lindwurm (shapeshifter) (Depths:3)
  23 ugly things
  3 mana vipers
  7 salamanders
  17 manticores
  A manticore (shapeshifter) (Vaults:5)
  A shining eye (Slime:3)
  19 fauns
  7 cyclopes
  A will-o-the-wisp (Abyss:2)
  2 worldbinders
  9 moths of wrath
  14 elephants
  2 merfolk sirens
  6 fire giant skeletons (Crypt:3)
  A formless jellyfish zombie (Slime:5)
  16 black mambas
  2 apocalypse crabs
  9 vault sentinels
  3 water nymphs (Shoals:1)
  A frost giant skeleton (Vaults:2)
  Joseph (D:10)
  3 centaur zombies
  6 naga magi
  2 guardian serpents
  5 gargoyles
  5 cane toads
  5 naga zombies
  7 smoke demons
  An unseen horror (Abyss:2)
  An alligator snapping turtle zombie (Crypt:2)
  A purple draconian zombie (Crypt:1)
  2 rime drakes
  Maggie (D:7)
  A yaktaur zombie (Vaults:2)
  A kobold demonologist (D:12)
  Jeremiah (D:6)
  3 tengu conjurers
  6 guardian mummies (Crypt:2)
  5 freezing wraiths
  A yaktaur skeleton (Vaults:3)
  An ice devil (D:10)
  2 ancient zymes (Abyss:3)
  A red draconian skeleton (Crypt:2)
  A yaktaur (shapeshifter) (Depths:4)
  21 yaktaurs
  4 komodo dragons
  8 trolls
  2 hornets
  3 hellwings (Abyss:1)
  A hydra zombie (Crypt:2)
  2 queen bees (shapeshifter)
  2 polar bears
  7 raiju
  17 merfolk
  3 wind drakes
  A hydra skeleton (Crypt:2)
  A fire dragon zombie (Crypt:2)
  46 slime creatures
  4 snapping turtles
  17 dream sheep
  17 small abominations
  7 elf zombies
  15 blink frogs
  A centaur simulacrum (D:15)
  7 flying skulls
  A spriggan (Lair:4)
  An air elemental (Elf:3)
  5 shadows
  2 ettin skeletons
  A culicivora (shapeshifter) (Abyss:2)
  4 vampires
  4 ynoxinuls
  2 nameless horrors
  20 water elementals
  16 wraiths
  30 yaks
  3 wyverns
  4 slime creature zombies (Slime:5)
  7 fire dragon skeletons (Crypt:3)
  A tyrant leech zombie (Crypt:2)
  4 fire elementals
  A steam dragon (D:9)
  2 golden eyes (Slime:5)
  A golden eye (shapeshifter) (Vaults:5)
  5 chaos spawn
  2 wargs
  A yaktaur simulacrum (Vaults:2)
  5 basilisks
  3 neqoxecs
  A redback (Vaults:3)
  7 vampire mosquitoes
  A human simulacrum (Vaults:3)
  15 large abominations
  2 hell hounds (Depths:1)
  22 nagas
  An acid dragon (D:11)
  8 water moccasins
  28 orc warriors
  2 ice beasts (shapeshifter)
  2 ice beasts (Abyss:2)
  7 ogres
  2 human zombies
  6 boggarts
  4 black bears
  2 swamp dragon zombies (Crypt:1)
  8 centaurs
  A vampire mosquito zombie (D:13)
  16 wolves
  A swamp dragon skeleton (Crypt:3)
  A dream sheep skeleton (Crypt:2)
  A manticore skeleton (Crypt:2)
  A phantom (D:7)
  3 kobold brigands
  An elf simulacrum (Vaults:2)
  4 earth elementals
  5 bullfrogs
  A bullfrog (shapeshifter) (Depths:3)
  2 human skeletons (Vaults:3)
  3 scorpions
  13 wights
  A yak zombie (Lair:4)
  4 killer bees (D:10)
  An electric eel (D:13)
  3 howler monkeys
  2 hounds
  4 quasits
  A gnoll bouda (D:4)
  An iron imp (D:8)
  13 orc priests
  2 jellies
  A sleepcap (D:6)
  10 orc wizards
  5 iguanas
  A sky beast zombie (Crypt:1)
  An ogre zombie (Orc:2)
  A hound skeleton (Crypt:1)
  A naga skeleton (Crypt:1)
  A mummy (Crypt:2)
  16 gnolls
  10 adders
  9 ufetubi
  3 worms
  2 dart slugs
  63 orcs
  12 endoplasms
  14 giant cockroaches
  13 goblins
  10 hobgoblins
  4 jackals
  14 kobolds
  8 quokkas
  12 ball pythons
  6 bats
  11 frilled lizards
  A frilled lizard skeleton (Crypt:1)
  A goblin skeleton (D:8)
  2 goblin zombies
  2 hobgoblin zombies (D:8)
  2 kobold skeletons (D:8)
  6 orc zombies
  3 rats
  A rat zombie (Crypt:2)
  A starspawn tentacle (Abyss:2)
  3 tentacles (Shoals:2)
1861 creatures vanquished.

Vanquished Creatures (collateral kills)
  7 orbs of fire (Zot:5)
  An ancient lich (Zot:5)
  Mara (Snake:3)
  A pandemonium lord (D:13)
  A Killer Klown (Zot:5)
  A curse toe (Zot:5)
  2 caustic shrikes (Depths:4)
  Nikola (Snake:1)
  A golden dragon (Zot:5)
  2 electric golems (Zot:5)
  A Hell Sentinel (Abyss:3)
  4 tentacled monstrosities
  11 Orb Guardians (Zot:5)
  A quicksilver dragon (Vaults:5)
  2 titans (Vaults:5)
  2 sphinxes
  8 acid blobs (Slime:5)
  3 tengu reavers
  2 shadow dragons
  A draconian monk (Zot:5)
  2 rockslimes (Slime:5)
  A storm dragon (Vaults:5)
  A fire giant (Vaults:4)
  3 draconian scorchers
  7 nagarajas (Snake:4)
  2 deep elf sorcerers (Elf:3)
  5 vault wardens
  An orc warlord (Vaults:1)
  3 ghouls
  A cacodemon (Depths:3)
  A spriggan defender (Depths:2)
  A draconian annihilator (Zot:5)
  4 ironbound preservers
  2 quicksilver oozes
  3 stone giants
  3 very ugly things
  4 ironbound thunderhulks
  2 formless jellyfish
  A green draconian (Zot:5)
  2 yellow draconians (Zot:5)
  2 black draconians
  A white draconian (Depths:4)
  7 spark wasps
  2 blizzard demons
  A deep elf annihilator (Elf:3)
  A deep elf death mage (Crypt:2)
  A crystal guardian (Vaults:4)
  7 yaktaur captains
  A jiangshi (Depths:1)
  2 merfolk javelineers
  3 great orbs of eyes
  2 ettins
  2 fire dragons
  4 merfolk impalers
  The ghost of Romerr the Fighter, a journeyman FoDe of Ashenzari (D:12)
  4 vault guards
  2 spriggan air magi (Depths:3)
  An ice dragon (Depths:3)
  A merfolk avatar (Shoals:4)
  2 centaur warriors
  2 anacondas
  A merfolk aquamancer (Shoals:4)
  3 hydras
  A death knight (D:13)
  An ogre mage (Vaults:5)
  2 ironbound frosthearts
  A boulder beetle (D:13)
  5 naga warriors
  2 alligator snapping turtles
  3 naga sharpshooters
  2 deep troll shamans (Depths:2)
  2 vampire magi
  A thrashing horror (Lair:5)
  A dancing weapon (Elf:3)
  An orc high priest (Orc:2)
  A shock serpent (Snake:3)
  A titan zombie (Crypt:2)
  A deep elf knight (Elf:2)
  A hell knight (Depths:2)
  Sonja (Lair:1)
  2 skysharks (Depths:2)
  A salamander mystic (Snake:4)
  4 iron trolls
  A sixfirhy (Depths:3)
  3 skeletal warriors (Crypt:1)
  A shadow wraith (Crypt:3)
  2 flayed ghosts (Crypt:3)
  A sea snake (Shoals:4)
  11 deep trolls
  A large abomination (D:13)
  2 lindwurms (Vaults:1)
  5 ironbound convokers
  2 deep elf archers
  3 naga ritualists
  12 harpies
  4 orc knights
  A necromancer (Vaults:2)
  2 phantasmal warriors
  13 fauns
  2 mana vipers
  A deep elf zephyrmancer (Elf:3)
  4 shining eyes
  2 cyclopes
  11 ugly things
  3 moths of wrath (Zot:5)
  5 salamanders
  A jorogumo skeleton (Crypt:1)
  2 fire giant skeletons (Crypt:3)
  A stone giant zombie (Vaults:2)
  An iron dragon zombie (Crypt:3)
  5 manticores
  2 merfolk sirens
  9 black mambas
  10 elephants (Lair:4)
  3 naga magi
  2 guardian serpents (Snake:4)
  Maurice (D:9)
  An orange demon (D:13)
  2 water nymphs (Shoals:3)
  A centaur zombie (Crypt:2)
  3 vault sentinels
  A smoke demon (Lair:5)
  4 cane toads
  A cane toad (shapeshifter) (Vaults:5)
  An elf zombie (Vaults:3)
  5 yaktaurs
  3 rime drakes
  2 freezing wraiths (Crypt:1)
  A komodo dragon (Lair:5)
  A white draconian skeleton (Crypt:1)
  A polar bear (Lair:4)
  A hellwing (D:13)
  4 merfolk
  A raiju (Lair:5)
  4 dream sheep
  9 blink frogs
  A snapping turtle (Shoals:1)
  21 slime creatures
  5 water elementals
  2 spriggans
  A fire dragon skeleton (Crypt:3)
  A wyvern (Depths:1)
  A ynoxinul (Lair:5)
  A fire elemental (Elf:3)
  2 wraiths
  10 golden eyes (Slime:5)
  8 basilisks
  A slime creature zombie (Vaults:5)
  15 yaks
  A vampire mosquito (D:12)
  A redback (Vaults:3)
  18 nagas
  4 water moccasins
  A black bear (shapeshifter) (Lair:5)
  4 orc warriors
  A black bear (Lair:4)
  2 ogres
  3 centaurs (D:13)
  A boggart (Vaults:2)
  5 wolves
  A manticore skeleton (Crypt:1)
  A starcursed mass (Abyss:3)
  2 kobold brigands
  2 bullfrogs
  An earth elemental (Elf:2)
  3 necrophages (Crypt:2)
  4 small abominations (Lair:5)
  A howler monkey (D:12)
  2 electric eels (D:13)
  2 orc priests
  9 orc wizards
  The ghost of Vorhees the Sneak, a weakling MiDe (D:5)
  9 orcs
  A goblin (D:12)
  A rat (D:12)
514 creatures vanquished.

Vanquished Creatures (others)
  A Killer Klown (Zot:5)
  A quicksilver dragon (Crypt:3)
  An acid blob (Slime:1)
  17 eldritch tentacles
  2 storm dragons (Zot:5)
  2 nagarajas
  An emperor scorpion (Crypt:2)
  A deep elf sorcerer (Vaults:5)
  3 frost giants
  4 vault wardens
  A ghost moth (Crypt:2)
  2 caustic shrike zombies (Depths:4)
  2 spriggan defenders (Crypt:2)
  A quicksilver ooze (Slime:1)
  An orc warlord (Vaults:2)
  An ironbound thunderhulk (Vaults:2)
  10 ironbound preservers
  3 Killer Klown zombies (Zot:5)
  11 stone giants
  A formless jellyfish (Vaults:5)
  A rockslime zombie (Slime:5)
  A dire elephant (Vaults:2)
  A bunyip (Crypt:1)
  A very ugly thing zombie (Vaults:5)
  A deep elf death mage (Vaults:5)
  2 fire dragons (Depths:4)
  4 yaktaur captains
  3 ettins
  2 acid blob zombies (Slime:5)
  A great orb of eyes (Vaults:4)
  2 hydras (D:11)
  An ice dragon (Depths:4)
  2 salamander tyrants
  11 Orb Guardian zombies (Zot:5)
  An ogre mage (Vaults:5)
  A vault guard (Vaults:5)
  A sphinx zombie (Vaults:4)
  An alligator snapping turtle (Shoals:1)
  2 boulder beetles
  A jorogumo (Crypt:2)
  6 ironbound frosthearts
  2 centaur warriors
  3 anacondas
  A two-headed ogre (shapeshifter) (Depths:4)
  An azure jelly zombie (Vaults:5)
  5 naga warriors
  4 deep troll shamans
  A titan zombie (Vaults:5)
  3 deep troll earth magi
  A spriggan berserker (Crypt:1)
  2 naga sharpshooters (Snake:4)
  2 quicksilver ooze zombies
  An emperor scorpion zombie (Crypt:2)
  2 shock serpents
  4 deep elf knights
  4 storm dragon zombies
  A salamander mystic (Snake:3)
  5 spark wasp zombies
  A golden dragon zombie (Zot:5)
  A bunyip zombie (Crypt:1)
  A shadow dragon zombie (Zot:5)
  2 anaconda zombies
  A deep elf archer (Elf:3)
  5 arcanists
  A swamp dragon (Crypt:2)
  9 deep elf pyromancers
  7 ironbound convokers
  2 occultists (Depths:3)
  2 harpies (Shoals:1)
  3 mana vipers
  4 lindwurms (Vaults:2)
  5 deep elf zephyrmancers
  A jorogumo zombie (Crypt:2)
  2 salamanders (Snake:3)
  7 ugly thing zombies
  A fire giant zombie (Vaults:4)
  A necromancer (Vaults:2)
  2 frost giant zombies
  7 stone giant zombies
  An ugly thing (Depths:3)
  2 manticores
  A draconian zombie (Zot:5)
  A shock serpent zombie (Snake:3)
  3 moths of wrath (Zot:5)
  12 vault sentinels
  2 elephants (Lair:5)
  8 black mambas
  A merfolk siren (Shoals:1)
  9 salamander zombies
  A dire elephant zombie (Vaults:2)
  3 naga magi
  A formless jellyfish zombie (Slime:5)
  45 human zombies
  A green draconian zombie (Zot:5)
  A cane toad (Lair:5)
  A yellow draconian zombie (Zot:5)
  2 yaktaurs (Vaults:2)
  A komodo dragon (D:12)
  2 mana viper zombies
  2 polar bears (Lair:5)
  A meliai (D:13)
  4 harpy zombies
  5 moth of wrath zombies (Zot:5)
  An ice dragon zombie (Depths:3)
  A blink frog (Lair:5)
  A satyr zombie (Shoals:3)
  3 great orb of eyes zombies
  3 fire dragon zombies
  3 ettin zombies
  A boulder beetle zombie (Vaults:2)
  13 black mamba zombies
  A meliai zombie (D:13)
  8 slime creatures
  A ynoxinul (Lair:5)
  8 slime creature zombies
  2 water elementals
  A wraith (D:9)
  A two-headed ogre zombie (Depths:4)
  4 tengu zombies
  A water nymph zombie (Shoals:3)
  12 deep troll zombies
  30 naga zombies
  7 nagas
  A faun zombie (Shoals:4)
  3 cane toad zombies
  A manticore zombie (Shoals:4)
  A nameless horror (Zot:5)
  3 lindwurm zombies (Vaults:2)
  3 orc warriors (Orc:2)
  2 dream sheep zombies (Lair:5)
  6 blink frog zombies
  22 elf zombies
  2 ogres (Orc:2)
  2 elephant zombies
  4 merfolk zombies
  A boggart (Vaults:5)
  A centaur (D:12)
  A vampire mosquito zombie (D:13)
  9 yaktaur zombies
  2 water moccasin zombies (Lair:2)
  3 polar bear zombies
  A raiju zombie (Lair:5)
  3 spriggan zombies
  A killer bee (D:10)
  6 yak zombies
  A howler monkey (D:12)
  6 wolf zombies
  A basilisk zombie (Lair:2)
  12 centaur zombies
  A bullfrog zombie (Depths:3)
  A jelly (D:12)
  An iron imp (Abyss:2)
  3 orc wizards
  A boggart zombie (Vaults:2)
  A kobold zombie (D:12)
  3 ogre zombies
  2 howler monkey zombies (D:12)
  An adder (D:12)
  A jelly zombie (D:12)
  33 orc zombies
  An adder zombie (D:12)
  2 orcs
  A bat zombie (D:12)
  A jackal zombie (D:12)
  An orc skeleton (D:8)
  A rat (D:12)
  2 rat zombies (D:12)
  A butterfly (Depths:4)
  4 foxfires (Abyss:2)
  A lurking horror (Abyss:1)
  19 starspawn tentacles
  5 tentacles (Shoals:2)
616 creatures vanquished.

Grand Total: 2991 creatures vanquished

Table legend:
 A = Non-vault XP
 B = Vault XP
 C = Vault XP percentage of total XP
 D = Non-vault monster count
 E = Vault monster count
 F = Vault count percentage of total count
                 A         B        C        D         E       F
            +---------+---------+-------+---------+---------+-------
      Total |  724101 |  688588 |  48.7 |    1456 |     857 |  37.1
            +---------+---------+-------+---------+---------+-------
        D:1 |      30 |       2 |   6.2 |      17 |       1 |   5.6
        D:2 |      42 |       0 |   0.0 |      14 |       0 |   0.0
        D:3 |     136 |       7 |   4.9 |      24 |       3 |  11.1
        D:4 |     294 |       0 |   0.0 |      19 |       0 |   0.0
        D:5 |     575 |      18 |   3.0 |      22 |       2 |   8.3
        D:6 |    1039 |     370 |  26.3 |      20 |       1 |   4.8
        D:7 |     845 |     379 |  31.0 |      18 |       1 |   5.3
        D:8 |    3312 |    1480 |  30.9 |      24 |      10 |  29.4
        D:9 |    1880 |    1500 |  44.4 |       9 |      11 |  55.0
       D:10 |    1988 |    2666 |  57.3 |      10 |       8 |  44.4
       D:11 |    3179 |    8192 |  72.0 |       9 |      13 |  59.1
       D:12 |    6229 |    6465 |  50.9 |      20 |      11 |  35.5
       D:13 |    8227 |    9528 |  53.7 |      25 |      26 |  51.0
       D:14 |    4832 |    1463 |  23.2 |       9 |       1 |  10.0
       D:15 |    3932 |    1269 |  24.4 |      14 |       1 |   6.7
     Lair:1 |    2813 |    1194 |  29.8 |      13 |       2 |  13.3
     Lair:2 |    7716 |    5499 |  41.6 |      21 |      10 |  32.3
     Lair:3 |    4351 |       0 |   0.0 |      16 |       0 |   0.0
     Lair:4 |   16919 |    1010 |   5.6 |      53 |       6 |  10.2
     Lair:5 |   10815 |   13425 |  55.4 |      35 |      46 |  56.8
   Shoals:1 |   20222 |    4995 |  19.8 |      39 |       8 |  17.0
   Shoals:2 |   24143 |    4816 |  16.6 |      51 |       3 |   5.6
   Shoals:3 |   19388 |       0 |   0.0 |      37 |       0 |   0.0
   Shoals:4 |    8063 |   26041 |  76.4 |      15 |      39 |  72.2
    Snake:1 |   12203 |    7470 |  38.0 |      22 |       8 |  26.7
    Snake:2 |   15259 |       0 |   0.0 |      35 |       0 |   0.0
    Snake:3 |   16398 |    4651 |  22.1 |      33 |       1 |   2.9
    Snake:4 |    8811 |   35793 |  80.2 |      18 |      43 |  70.5
    Slime:1 |    5045 |       0 |   0.0 |      10 |       0 |   0.0
    Slime:2 |    5583 |       0 |   0.0 |       4 |       0 |   0.0
    Slime:3 |    7377 |       0 |   0.0 |      13 |       0 |   0.0
    Slime:4 |     853 |       0 |   0.0 |       1 |       0 |   0.0
    Slime:5 |   19904 |   16166 |  44.8 |      36 |      13 |  26.5
      Orc:1 |    2614 |     607 |  18.8 |      30 |       1 |   3.2
      Orc:2 |    2680 |    7836 |  74.5 |      35 |      30 |  46.2
      Elf:1 |   16204 |   11238 |  41.0 |      30 |      16 |  34.8
      Elf:2 |   24616 |    2480 |   9.2 |      39 |       3 |   7.1
      Elf:3 |   16129 |   27745 |  63.2 |      30 |      27 |  47.4
   Vaults:1 |   25981 |    3122 |  10.7 |      39 |       4 |   9.3
   Vaults:2 |   25673 |   41012 |  61.5 |      38 |      50 |  56.8
   Vaults:3 |   27389 |   41676 |  60.3 |      42 |      58 |  58.0
   Vaults:4 |   41066 |   45479 |  52.5 |      56 |      38 |  40.4
   Vaults:5 |   19433 |   81858 |  80.8 |      24 |      82 |  77.4
    Crypt:1 |   24802 |    3282 |  11.7 |      45 |       1 |   2.2
    Crypt:2 |   30214 |   15668 |  34.1 |      44 |      13 |  22.8
    Crypt:3 |       0 |   50538 | 100.0 |       0 |      75 | 100.0
   Depths:1 |   27759 |   19017 |  40.7 |      31 |      27 |  46.6
   Depths:2 |   47920 |    8746 |  15.4 |      62 |       9 |  12.7
   Depths:3 |   35986 |   33545 |  48.2 |      39 |      32 |  45.1
   Depths:4 |   24336 |   22457 |  48.0 |      21 |      18 |  46.2
      Zot:1 |    3908 |       0 |   0.0 |       4 |       0 |   0.0
      Zot:2 |    5174 |       0 |   0.0 |       5 |       0 |   0.0
      Zot:3 |    1017 |       0 |   0.0 |       1 |       0 |   0.0
      Zot:5 |   36611 |  110511 |  75.1 |      27 |      42 |  60.9
    Abyss:1 |    8414 |       0 |   0.0 |      27 |       0 |   0.0
    Abyss:2 |   20839 |       0 |   0.0 |      49 |       0 |   0.0
    Abyss:3 |   12933 |    5324 |  29.2 |      32 |       6 |  15.8
      Sewer |       0 |     257 | 100.0 |       0 |      39 | 100.0
     Bailey |       0 |    1791 | 100.0 |       0 |      18 | 100.0
            +---------+---------+-------+---------+---------+-------

Skill      XL: |  1  2  3  4  5  6  7  8  9 10 11 12 13 14 15 16 17 18 19 20 21 22 23 24 25 26 |
---------------+-------------------------------------------------------------------------------+-----
Fighting       | 1 2 3 4 6 7 8 12 13 15 18 20 21 22 | 22.7
Necromancy     | 5 7 8 10 12 14 17 18 19 20 | 20.0
Short Blades   | 1 |  1.3
Polearms       | 1 2 4 6 8 10 12 | 12.0
Dodging        | 3 4 7 8 10 12 13 14 15 16 18 19 | 19.4
Stealth        | 2 |  2.0
Spellcasting   | 4 7 9 10 11 12 | 12.0
Evocations     | 4 8 |  8.0
Shields        | 3 7 8 11 15 | 15.0
Transmutations | 4 |  4.0
Summonings     | 2 9 12 15 16 | 16.0
Shapeshifting  | 7 10 | 10.0
Long Blades    | 9 13 | 13.9
Earth Magic    | 7 |  7.0
Translocations | 6 13 15 | 15.0
Air Magic      | 6 |  6.0

Action                     |  1- 3 |  4- 6 |  7- 9 | 10-12 | 13-15 | 16-18 | 19-21 | 22-24 | 25-27 || total
---------------------------+-------+-------+-------+-------+-------+-------+-------+-------+-------++-------
  Melee: Whip              |     9 |       |       |       |       |       |       |       |       ||     9
         Dagger            |    19 |    10 |       |       |       |       |       |       |       ||    29
         Tailslap          |     5 |    13 |    36 |    71 |   214 |   252 |   279 |   382 |   243 ||  1495
         Punch             |     1 |     4 |     6 |     4 |    11 |       |       |       |       ||    26
         Spear             |       |   127 |   305 |   291 |  1208 |  1219 |       |       |       ||  3150
         Glaive            |       |       |    26 |    66 |       |       |       |       |       ||    92
         Trident           |       |       |     3 |       |   178 |       |       |       |       ||   181
         Kick              |       |       |       |       |       |   127 |       |       |       ||   127
         Maw               |       |       |       |       |       |   333 |   521 |   649 |   415 ||  1918
         Demon blade       |       |       |       |       |       |   255 |  1266 |  1521 |   840 ||  3882
  Throw: Dart              |       |    36 |    16 |    10 |     2 |       |       |       |       ||    64
         Throwing net      |       |     2 |       |       |       |       |       |       |       ||     2
   Cast: Necrotise         |    68 |    80 |       |     1 |       |       |       |       |       ||   149
         Vampiric Draining |       |     6 |     6 |    23 |    30 |     2 |       |       |       ||    67
         Animate Dead      |       |       |       |       |    27 |    28 |    32 |    29 |    10 ||   126
         Death Channel     |       |       |       |       |    34 |    56 |    42 |    49 |    11 ||   192
         Anguish           |       |       |       |       |       |    22 |       |       |       ||    22
         Wereblood         |       |       |       |       |       |     9 |    14 |    17 |     2 ||    42
         Call Canine Famil |       |       |       |       |       |     1 |     1 |       |       ||     2
         Dispel Undead     |       |       |       |       |       |     3 |    10 |    16 |    57 ||    86
         Borgnjor's Vile C |       |       |       |       |       |       |    17 |    51 |     7 ||    75
         Haunt             |       |       |       |       |       |       |       |     6 |    62 ||    68
         Malign Gateway    |       |       |       |       |       |       |       |       |    18 ||    18
 Invoke: Unearth Wretches  |       |       |       |       |    13 |    17 |    17 |    25 |     6 ||    78
         Brand Weapon With |       |       |       |       |       |       |     1 |       |       ||     1
         Torment           |       |       |       |       |       |       |       |     1 |       ||     1
Ability: Breathe Noxious F |       |       |    35 |    42 |    79 |    34 |    26 |     5 |       ||   221
  Evoke: Wand              |       |       |       |    10 |    13 |     8 |     7 |     2 |     3 ||    43
         Condenser vane    |       |       |       |       |     1 |     4 |     5 |     4 |       ||    14
         Phantom mirror    |       |       |       |       |       |       |       |     4 |       ||     4
         Box of beasts     |       |       |       |       |       |       |       |     3 |       ||     3
    Use: Scroll            |     1 |     4 |     1 |     7 |    10 |    24 |    12 |    25 |    13 ||    97
         Potion            |       |       |       |     5 |     3 |     9 |     3 |    20 |    19 ||    59
   Stab: Sleeping          |     1 |     2 |     2 |     3 |     2 |     4 |     5 |     7 |     3 ||    29
         Confused          |       |       |    27 |    42 |   100 |    47 |    17 |     1 |       ||   234
         Distracted        |       |       |       |       |    22 |    35 |    21 |    32 |     8 ||   118
         Paralysed         |       |       |       |       |     4 |       |     4 |     4 |     1 ||    13
         Invisible         |       |       |       |       |       |       |       |     5 |     1 ||     6
 Armour: Skin              |    32 |    48 |   106 |   138 |   322 |   374 |   442 |   648 |   246 ||  2356
  Dodge: Dodged            |    22 |    52 |   140 |   238 |   567 |   540 |   537 |   955 |   376 ||  3427
  Block: Buckler           |       |       |       |       |   263 |   323 |   217 |       |       ||   803
         Reflection        |       |       |       |       |    35 |    52 |    69 |   166 |     6 ||   328
         Kite shield       |       |       |       |       |       |       |   596 |  1563 |   690 ||  2849
   Form: Maw               |       |       |       |       |       |     1 |       |       |       ||     1

Illustrated notes

Table legend:
 A = Kills in this place as a percentage of kills in the entire game.
 B = Kills by you in this place as a percentage of kills by you in the entire game.
 C = Kills by friends in this place as a percentage of kills by friends in the entire game.
 D = Other kills in this place as a percentage of other kills in the entire game.
 E = Experience gained in this place as a percentage of experience gained in the entire game.
 F = Experience gained in this place divided by the number of levels of this place that you have seen.
                   A       B       C       D       E      F
               +-------+-------+-------+-------+-------+----------------------
         Total | 100.0 | 100.0 | 100.0 | 100.0 | 100.0 | 23311.7
       Dungeon |  15.1 |  17.1 |   5.9 |  31.2 |   5.5 | 5221.5
          Lair |   8.7 |   6.9 |  15.9 |   4.7 |   4.5 | 12748.4
        Shoals |   8.3 |   7.9 |  10.4 |   3.1 |   7.6 | 26917.0
     Snake Pit |   6.9 |   4.9 |  12.0 |  21.9 |   7.1 | 25146.2
    Slime Pits |   3.3 |   2.3 |   7.5 |   0.0 |   3.9 | 10985.6
  Orcish Mines |   4.1 |   4.0 |   4.7 |   4.7 |   1.0 | 6868.5
   Elven Halls |   6.2 |   7.6 |   1.6 |   3.1 |   6.9 | 32804.0
        Vaults |  18.6 |  19.1 |  17.3 |  12.5 |  24.8 | 70537.8
         Crypt |   7.7 |   8.6 |   5.5 |   0.0 |   8.8 | 41501.3
        Depths |  10.3 |  10.1 |  11.8 |   6.2 |  15.5 | 55162.5
           Zot |   3.4 |   2.4 |   7.1 |   1.6 |  11.1 | 31444.2
         Abyss |   4.9 |   6.3 |   0.4 |   0.0 |   3.3 | 15836.7
         Sewer |   1.7 |   2.2 |   0.0 |   0.0 |   0.0 | 257.0
        Bailey |   0.8 |   0.6 |   0.0 |  10.9 |   0.1 | 1791.0
               +-------+-------+-------+-------+-------+----------------------

Table legend: (Time is in decaauts)
 A = Elapsed time spent in this place.
 B = Non-inter-level travel time spent in this place.
 C = Inter-level travel time spent in this place.
 D = Time resting spent in this place.
 E = Time spent auto-exploring this place.
 F = Levels seen in this place.
 G = Mean time per level.
                   A        B        C        D        E       F      G
               +--------+--------+--------+--------+--------+-----+--------+
         Total |  77462 |  67775 |   9687 |  12397 |  35019 |  61 | 1269.9 |
       Dungeon |  21325 |  17891 |   3434 |   3490 |   9179 |  15 | 1421.7 |
        Temple |     29 |     20 |      9 |      0 |      0 |   1 |   29.0 |
          Lair |   7958 |   6755 |   1203 |   1126 |   4126 |   5 | 1591.6 |
        Shoals |   3177 |   3037 |    140 |     65 |   1836 |   4 |  794.2 |
     Snake Pit |   7381 |   6741 |    640 |   2144 |   2813 |   4 | 1845.2 |
    Slime Pits |   1457 |   1357 |    100 |    157 |    550 |   5 |  291.4 |
  Orcish Mines |   1897 |   1684 |    213 |    260 |    975 |   2 |  948.5 |
   Elven Halls |   3896 |   3574 |    322 |    464 |   2043 |   3 | 1298.7 |
        Vaults |  13275 |  11000 |   2275 |   2032 |   6123 |   5 | 2655.0 |
         Crypt |   4381 |   4283 |     98 |    305 |   2900 |   3 | 1460.3 |
        Depths |   6413 |   5550 |    863 |    585 |   3530 |   4 | 1603.2 |
           Zot |   3467 |   3081 |    386 |   1145 |    649 |   5 |  693.4 |
         Abyss |   1252 |   1252 |      0 |    145 |    136 |   3 |  417.3 |
         Sewer |    874 |    874 |      0 |    347 |      0 |   1 |  874.0 |
        Bailey |    672 |    672 |      0 |    131 |    157 |   1 |  672.0 |
               +--------+--------+--------+--------+--------+-----+--------+

Top non-repeatable levels by time:
Vaults:2: 3245 daAuts
Vaults:4: 3208 daAuts
   Zot:5: 2921 daAuts
Vaults:1: 2695 daAuts
Vaults:3: 2504 daAuts
    D:13: 2401 daAuts
 Snake:4: 2384 daAuts
  Lair:5: 2135 daAuts
  Lair:2: 2103 daAuts
 Snake:3: 2055 daAuts
    D:11: 2044 daAuts
 Crypt:3: 1952 daAuts
    D:12: 1887 daAuts
Depths:3: 1861 daAuts
Depths:4: 1635 daAuts
